Cogmind - Beta 16.1 @@@ ROGUE MODE // 2026.01.14 @ 21:18:54 Player: C0-2MO Result: Assimilated 0b10! Performance ------------- Evolutions (9) 4500 Regions Visited (30) 6000 Robots Destroyed (200) 1000 Value Destroyed (10442) 10442 Prototype IDs (187) 3740 Alien Tech Used (6) 1200 Bonus (44863) 44863 TOTAL SCORE: 71745 Bonus ------- Triggered High Security 500 High Alert Combat Kills 3203 Follower Combat Kills 784 Hunted by Unchained 1000 Entered Garrisons 200 Used RIF Installer 500 Network Hubs Disabled 600 Registered with UFD 300 Met Optimus in HQ 500 Met Zhirov 300 MAIN.C Attacked Warlord 500 Scanned by Researcher 500 Destroyed Superfortress 15000 Met Optimus at Protoforge 1000 Executed Drillbomb Mission 10000 Met MAIN.C 5000 Used 0b10 Conduit 2000 Win 3000 Friendly Fire -24 Cogmind --------- Core Integrity 1048/1600 Matter 265/300 Energy 219/220 System Corruption 11% Temperature Cool (0) Movement Flying (32) Location 0b10 Command Parts ------- > --- POWER (2) -------- Concept Zero-point Core > --- PROPULSION (8) --- Experimental Biomechanical Wings Experimental Biomechanical Wings Experimental Surge Thruster > --- UTILITY (13) ----- Advanced Quantum Shading Machine Spectral Analyzer Concept Melee Reflex Suite Femtoactuators Concept Cloak Mesh Concept RG22 Armor Concept RG22 Armor Graphene Brace Concept Beam Splitter > --- WEAPON (2) ------- Concept Blasthammer > --- INVENTORY (5) ---- Concept Reaction Jets Experimental Trap Extractor (0/12) Transdimensional Reconstructor Concept Miniperforator Concept Blasthammer Peak State ------------ > --- POWER ------------ Concept Zero-point Core Concept Zero-point Core > --- PROPULSION ------- Impulse Thruster Array Impulse Thruster Array Experimental Biomechanical Wings Experimental Surge Thruster Experimental Surge Thruster Experimental Surge Thruster > --- UTILITY ---------- Concept Antigrav Storage Unit Advanced Quantum Shading Machine Spectral Analyzer Experimental Active Sensor Suite Experimental Core Analyzer Advanced Transmission Jammer Experimental ECM Suite Concept Cloak Mesh Concept Cloak Mesh Concept RG22 Armor Concept RG22 Armor Relay Coupler [NC] > --- WEAPON ----------- Concept Plasma Driver Advanced Datajack > --- INVENTORY -------- Concept Zero-point Core Concept Zero-point Core Experimental Biomechanical Wings Experimental Surge Thruster Advanced Quantum Shading Machine Concept Dimensional Manipulator Concept Melee Reflex Suite Nanoactuators Femtoactuators Stasis Canceller Experimental Reaction Control System Concept Reaction Jets Graphene Brace Concept Beam Splitter Experimental Shield Generator Concept Matter Streamer Experimental Trap Extractor Transdimensional Reconstructor Concept Miniperforator Concept Blasthammer Concept Blasthammer Experimental Jetlance [Rating: 271] Favorites ----------- Power Subdweller Power Source Engine Subdweller Power Source Power Core Concept Zero-point Core Reactor Mini Fusion Reactor Propulsion Cooled Nuclear Pulse Thruster Treads Light Treads Wheel Compact Wheel Hover Unit Linear Gravjet Flight Unit Cooled Nuclear Pulse Thruster Utility Experimental Signal Interpreter Device Structural Scanner Storage High-capacity Storage Unit Processor Experimental Signal Interpreter Hackware Hacking Suite Protection Scrap Shield Weapon Subdweller Laser Energy Gun Subdweller Laser Energy Cannon Subdweller Beam Cannon Ballistic Gun Concept XC Strikerail Ballistic Cannon Concept Miniperforator Launcher Grenade Launcher Special Weapon Mining Laser Impact Weapon Heavy Hammer Slashing Weapon Power Sword Piercing Weapon Experimental Jetlance Special Melee Weapon Advanced Datajack Build | -11 -10 -10 -9 -9 -6 -6 -6 -6 -6 -6 -6 -5 -5 -5 -5 -4 -4 -4 -4 -4 -4 -4 -3 -3 -3 -2 -2 -2 -1 -1 ------- Run | Yrd Mat Sub Rec Scr Fac Was Fac Ext Cet Arc Hub Fac Upp Upp Zhi Pro Fac Was Fac Upp Upp War Pro Res Gar Res Qua Frg Acc Com Slots Evolved 18 | . . . . . 8 . . . . . . 2 . . . . 2 . . . . . . 2 . 2 . . 2 . Power 1 | . . . . . . . . . . . . 1 . . . . . . . . . . . . . . . . . . Propulsion 6 | . . . . . 4 . . . . . . 1 . . . . 1 . . . . . . . . . . . . . Utility 11 | . . . . . 4 . . . . . . . . . . . 1 . . . . . . 2 . 2 . . 2 . Weapon . | . . . . . . . . . . . . . . . . . . . . . . . . . . . . . . . Parts Attached 231 | 8 12 19 . 3 18 . 18 4 . 2 1 17 . 1 5 6 20 . 5 1 2 7 . 2 . 7 4 58 7 4 Power 24 | 1 1 3 . . 2 . 2 . . . . 5 . . . . 2 . . . . 1 . . . 1 . 6 . . Engine 7 | 1 1 3 . . . . 1 . . . . . . . . . 1 . . . . . . . . . . . . . Core 12 | . . . . . 2 . 1 . . . . 5 . . . . . . . . . . . . . . . 4 . . Reactor 5 | . . . . . . . . . . . . . . . . . 1 . . . . 1 . . . 1 . 2 . . Propulsion 44 | 3 2 2 . 2 3 . 2 . . . . 5 . . 4 . 5 . 2 . . 1 . 1 . 2 . 8 2 . Treads 3 | 1 2 . . . . . . . . . . . . . . . . . . . . . . . . . . . . . Leg . | . . . . . . . . . . . . . . . . . . . . . . . . . . . . . . . Wheel 6 | 2 . 2 . 2 . . . . . . . . . . . . . . . . . . . . . . . . . . Hover 1 | . . . . . . . . . . . . 1 . . . . . . . . . . . . . . . . . . Flight 34 | . . . . . 3 . 2 . . . . 4 . . 4 . 5 . 2 . . 1 . 1 . 2 . 8 2 . Utility 115 | 2 4 5 . . 10 . 9 2 . 2 . 6 . 1 1 4 11 . 3 1 2 3 . 1 . 3 3 33 5 4 Device 63 | 1 1 1 . . 5 . 4 1 . 1 . 2 . . 1 2 8 . 3 1 1 1 . 1 . 3 1 19 3 3 Storage 8 | 1 2 1 . . 1 . . . . . . . . . . . 1 . . . 1 . . . . . . 1 . . Processor 18 | . . . . . 3 . 2 . . . . 1 . . . 1 . . . . . 1 . . . . . 9 . 1 Hackware 14 | . . . . . . . 3 . . 1 . 2 . . . 1 2 . . . . 1 . . . . 1 2 1 . Protection 12 | . 1 3 . . 1 . . 1 . . . 1 . 1 . . . . . . . . . . . . 1 2 1 . Artifact . | . . . . . . . . . . . . . . . . . . . . . . . . . . . . . . . Weapon 48 | 2 5 9 . 1 3 . 5 2 . . 1 1 . . . 2 2 . . . . 2 . . . 1 1 11 . . Energy Gun 13 | 2 4 4 . . . . . 1 . . . . . . . 1 . . . . . 1 . . . . . . . . Energy Cannon 7 | . . 3 . . . . . . . . . . . . . . . . . . . 1 . . . . 1 2 . . Ballistic Gun 4 | . . 1 . . 1 . . . . . . . . . . . . . . . . . . . . . . 2 . . Ballistic Cannon 3 | . . . . . . . . . . . . . . . . . . . . . . . . . . 1 . 2 . . Launcher 4 | . . 1 . . . . 1 . . . . . . . . 1 . . . . . . . . . . . 1 . . Special Weapon 4 | . 1 . . . . . 1 1 . . 1 . . . . . . . . . . . . . . . . . . . Impact Weapon 2 | . . . . 1 . . . . . . . . . . . . . . . . . . . . . . . 1 . . Slashing Weapon 3 | . . . . . 1 . 1 . . . . . . . . . 1 . . . . . . . . . . . . . Piercing Weapon 5 | . . . . . 1 . . . . . . 1 . . . . . . . . . . . . . . . 3 . . Special Melee Weapon 3 | . . . . . . . 2 . . . . . . . . . 1 . . . . . . . . . . . . . Unidentified Prototypes 38 | . . . . . . . . . . . . . . . 1 5 2 . . . . 6 . . . 2 3 19 . . Parts Lost 40 | . 1 6 . . 2 . 1 1 . . 2 1 . . . . 4 . 1 . . . 1 . 2 1 . 5 3 9 Power 5 | . 1 1 . . . . . 1 . . . . . . . . 1 . . . . . . . 1 . . . . . Propulsion 14 | . . 3 . . 2 . . . . . . . . . . . 1 . 1 . . . . . . . . 2 2 3 Utility 17 | . . 1 . . . . 1 . . . 1 1 . . . . 2 . . . . . 1 . . 1 . 3 1 5 Weapon 4 | . . 1 . . . . . . . . 1 . . . . . . . . . . . . . 1 . . . . 1 Highest Loss Streak 5 | . 1 2 . . 1 . 1 1 . . 2 1 . . . . 4 . 1 . . . 1 . 2 1 . 2 2 5 To Critical Strikes . | . . . . . . . . . . . . . . . . . . . . . . . . . . . . . . . Average Backups 10 | 3 9 6 8 13 9 9 8 8 9 8 8 8 8 8 8 8 10 14 13 13 13 15 17 17 17 13 13 18 21 13 Power . | . . . . . 1 1 1 1 1 1 1 1 1 1 1 . . . . . . . 1 1 1 1 1 1 2 1 Propulsion 1 | 1 1 1 2 3 . . . . . . . . 3 3 2 1 . 1 . 1 1 1 3 3 3 1 1 . 1 . Utility 4 | . 3 1 1 2 3 4 3 2 3 2 2 2 2 2 2 3 7 10 11 10 10 11 10 9 10 9 9 11 13 7 Weapon 3 | 1 4 3 4 4 1 1 1 1 2 2 2 1 1 1 1 1 1 1 1 1 1 1 1 1 . . . 4 4 3 Tool/Special . | . . . . . . . . . . . . . . . . . . . . . . . . . . . . . . . Unused Backups 36 | . . 4 . 2 1 . 1 . . . . 2 . . 1 1 4 . 1 . . . . . . . 3 12 . 4 Power 3 | . . . . . . . 1 . . . . . . . . . . . . . . . . . . . . 1 . 1 Propulsion 3 | . . . . . . . . . . . . 1 . . 1 . . . . . . . . . . . . 1 . . Utility 20 | . . 2 . . 1 . . . . . . 1 . . . . 4 . 1 . . . . . . . 2 8 . 1 Weapon 8 | . . 2 . 2 . . . . . . . . . . . 1 . . . . . . . . . . . 2 . 1 Tool/Special 2 | . . . . . . . . . . . . . . . . . . . . . . . . . . . 1 . . 1 Average Slot Usage (%) 88 | . 97 91 100 98 65 55 76 82 83 83 81 77 85 85 86 99 96 94 89 89 89 86 80 79 79 89 90 89 86 72 Engine 7 | . 12 13 14 14 1 . 1 3 . . . . . . . . . . . . . . . . . . . . . . Core 2 | . . . . . 3 5 3 1 5 5 5 9 10 10 10 11 7 5 5 5 5 5 5 4 2 . . 5 8 4 Treads 1 | . 14 1 . . . . . . . . . . . . . . . . . . . . . . . . . . . . Wheel 12 | . 13 26 28 28 . . . . . . . . . . . . . . . . . . . . . . . . . . Flight 11 | . . . . . 12 5 14 16 16 16 16 17 20 20 28 41 40 36 32 31 31 30 30 27 27 29 30 26 24 17 Device 13 | . 14 6 14 14 15 11 13 11 11 13 11 10 10 10 8 10 13 15 14 15 18 19 13 20 22 32 30 21 23 22 Storage 7 | . 14 7 14 14 5 5 5 5 5 5 5 5 5 5 5 5 5 5 5 5 5 5 5 4 4 4 4 4 4 2 Processor 6 | . . . . . 13 16 16 16 16 16 16 15 15 15 8 5 5 5 5 5 5 5 10 9 9 8 8 18 8 10 Hackware 2 | . . . . . . . 7 11 11 11 11 11 15 13 6 5 9 10 10 10 7 5 6 4 4 . 1 . 3 . Protection 3 | . . 6 . . 4 5 1 4 5 3 4 1 . 1 4 5 1 . . . . . . . . . 2 1 7 7 Energy Gun 7 | . 23 14 14 12 . . . . . . . . . . . . . . . . . . . . . . . . . . Energy Cannon 5 | . . 12 14 12 . . . . . . . . . . . . . . . . . 1 5 4 2 . . . . . Slashing Weapon 1 | . . . . . 2 5 4 5 5 5 4 . . . . . 4 5 5 5 5 3 . . 1 4 3 . . . Special Melee Weapon 1 | . . . . . . . 3 4 5 5 3 2 5 5 5 5 5 5 5 5 5 3 . . . 3 3 3 4 2 Peak Build Rating 271 | 7 8 23 23 26 82 73 99 103 100 103 102 119 114 114 114 98 121 121 124 129 136 148 151 166 166 182 182 259 271 256 Average Rating 83 | 5 7 17 23 24 76 73 92 100 100 101 100 105 114 113 92 90 107 120 114 125 129 135 149 165 159 171 166 222 263 212 On Entrance 107 | . 7 8 23 23 24 73 73 97 100 100 101 93 114 114 114 89 92 121 121 124 129 131 148 151 166 151 169 169 256 247 Avg Prop Armor Cover (%) 3 | 20 11 3 6 6 1 . 1 1 . . . 2 1 1 1 3 3 . 3 3 4 4 4 . . . 2 . 4 6 Naked Turns . | . . . . . . . . . . . . . . . . . . . . . . . . . . . . . . . Heaviest Build 90 | 14 30 58 58 58 49 24 30 32 24 24 24 34 30 32 32 32 45 43 46 43 81 88 67 79 80 82 73 82 90 76 Greatest Support 97 | 16 20 36 36 28 36 24 35 35 35 35 35 39 39 35 40 54 53 65 53 65 81 82 68 82 91 80 97 97 90 79 Greatest Overweight (x) 3 | . 1 3 3 3 1 . . . . . . . . . 1 . . . . . . 1 . . . 1 . 1 1 1 Average Overweight (x) . | . . 1 2 1 . . . . . . . . . . . . . . . . . . . . . . . . . . Largest Inventory Capacity 25 | 8 15 20 20 20 20 10 10 10 10 10 10 10 10 10 10 10 15 15 15 15 20 20 20 20 20 20 15 25 25 25 Average Capacity 15 | 7 13 13 20 20 10 10 10 10 10 10 10 10 10 10 10 10 12 15 15 15 18 20 20 20 20 15 15 22 25 18 Most Carried 25 | 5 12 13 13 20 20 10 10 10 10 10 10 10 10 10 10 10 15 15 15 14 15 20 20 20 20 19 15 25 25 21 Average Carried 12 | 3 9 9 13 17 10 10 9 9 10 9 9 9 10 10 9 9 11 14 14 14 14 16 19 18 19 14 14 19 21 13 Final Capacity 25 | 8 15 20 20 20 10 10 10 10 10 10 10 10 10 10 10 10 15 15 15 15 20 20 20 20 20 15 15 25 25 5 Final Carried 25 | 5 12 13 13 20 10 10 10 10 10 9 9 10 10 10 9 10 15 15 14 14 15 20 19 19 19 15 15 25 21 5 Class Distribution -------------------- 18% | Scavenger-Mutant 18% | Mutant 13% | Subdweller-Mutant 12% | Hacker-Scout 5% | Scavenger-Scout 5% | Infiltrator-Ninja 4% | Trapper-Ninja 4% | Scavenger-Ninja 3% | Hacker-Ninja 3% | Scavenger-Sprinter Dominant Class ---------------- Mutant | -10/Materials Scavenger-Mutant | -10/Subcaves Scavenger-Mutant | -9/Recycling Mutant | -9/Scraptown Scout | -6/Factory Ninja | -6/Waste Hacker-Ninja | -6/Factory Hacker-Scout | -6/Extension Hacker-Scout | -6/Cetus Hacker-Assassin | -6/Archives Hacker-Scout | -6/Hub_04(d) Hacker-Scout | -5/Factory Hacker-Scout | -5/Upper Caves Hacker-Scout | -5/Upper Caves Scavenger-Scout | -5/Zhirov Scavenger-Scout | -4/Proximity Caves Hacker-Scout | -4/Factory Hacker-Scout | -4/Waste Hacker-Scout | -4/Factory Hacker-Ninja | -4/Upper Caves Ninja | -4/Upper Caves Ninja | -4/Warlord Hacker-Scout | -3/Proximity Caves Hacker-Scout | -3/Research Hacker-Sprinter | -3/Garrison Infiltrator-Ninja | -2/Research Infiltrator-Ninja | -2/Quarantine Scavenger-Ninja | -2/Protoforge Trapper-Ninja | -1/Access Trapper-Ninja | -1/Command Resources | -11 -10 -10 -9 -9 -6 -6 -6 -6 -6 -6 -6 -5 -5 -5 -5 -4 -4 -4 -4 -4 -4 -4 -3 -3 -3 -2 -2 -2 -1 -1 ----------- Run | Yrd Mat Sub Rec Scr Fac Was Fac Ext Cet Arc Hub Fac Upp Upp Zhi Pro Fac Was Fac Upp Upp War Pro Res Gar Res Qua Frg Acc Com Matter Collected 8743 | 280 160 475 . 30 116 . 681 248 . 40 356 481 . 10 93 114 90 . 193 30 117 . 98 . . 160 125 4402 73 371 Remotely 20 | . . . . . . . . . . . . . . . . . . . . . . . . . . . . 20 . . Salvage Created 11281 | 172 573 902 54 . 116 . 918 602 . 40 394 721 . . 93 130 369 . 192 65 . . . . . 164 165 4627 73 911 Parts 521 | 10 30 62 2 . 12 . 58 23 . 1 17 29 . . 1 1 14 . 4 . . . . . . 8 11 198 6 34 Haulers Intercepted 6 | . 2 . . . . . 2 . . . . 1 . . . . . . . . . . . . . . . 1 . . Recyclers Shooed 2 | 1 . . . . . . . . . . 1 . . . . . . . . . . . . . . . . . . . Parts Field Recycled . | . . . . . . . . . . . . . . . . . . . . . . . . . . . . . . . Retrieved Matter . | . . . . . . . . . . . . . . . . . . . . . . . . . . . . . . . Parts Self-Destructed 23 | . . 17 . . . . . . . . . . . . . 2 . . . . 4 . . . . . . . . . Prevented 1 | . . . . . . . . . . . . . . . . . . . . . 1 . . . . . . . . . Parts Restored 6 | . . . . . . . . . . . . . . . . . . . . . . . . . . . . 6 . . Faulty 6 | . . . . . . . . . . . . . . . . . . . . . . . . . . . . 6 . . Kills | -11 -10 -10 -9 -9 -6 -6 -6 -6 -6 -6 -6 -5 -5 -5 -5 -4 -4 -4 -4 -4 -4 -4 -3 -3 -3 -2 -2 -2 -1 -1 ------- Run | Yrd Mat Sub Rec Scr Fac Was Fac Ext Cet Arc Hub Fac Upp Upp Zhi Pro Fac Was Fac Upp Upp War Pro Res Gar Res Qua Frg Acc Com Combat Hostiles Destroyed 120 | . 12 23 . . 2 . 4 5 . . 1 8 . . . . 2 . . . . . . . . 1 . 52 2 8 Melee 35 | . . . . . 2 . . 5 . . 1 8 . . . . 2 . . . . . . . . 1 . 9 2 5 Guns 25 | . 9 11 . . . . . . . . . . . . . . . . . . . . . . . . . 5 . . Cannons 29 | . . 8 . . . . . . . . . . . . . . . . . . . . . . . . . 21 . . AOE 23 | . 3 4 . . . . 4 . . . . . . . . . . . . . . . . . . . . 12 . . Classes Destroyed 27 | 2 4 3 . . 2 . 3 1 . . . 1 . . . . . . . . . . . . . 1 . 9 . 1 Worker 2 | . . . . . . . 1 . . . 1 . . . . . . . . . . . . . . . . . . . Builder 9 | . . . . . 1 . 4 2 . . . . . . . . 1 . . . . . . . . 1 . . . . Tunneler 6 | 4 . . . . . . 2 . . . . . . . . . . . . . . . . . . . . . . . Hauler 6 | . 2 . . . . . 2 . . . . 1 . . . . . . . . . . . . . . . 1 . . Recycler 14 | 1 . . 1 . . . 3 2 . . 2 2 . . . . 1 . 1 . . . . . . . . . . 1 Mechanic 8 | . . . . . . . 2 . . . . . . . . . . . . . . . . . . 1 . 5 . . Operator 9 | . . . . . . . 2 1 . 1 . 1 . . . . . . . . . . . . . . 2 1 . 1 Drone 2 | . . . . . . . . . . . . . . . . . . . . . . . . . . . . 2 . . Turret 2 | . . 2 . . . . . . . . . . . . . . . . . . . . . . . . . . . . Watcher 17 | . 2 . . . . . . 1 . . 2 . . . . . 3 . 1 . . . . . . 1 3 1 . 3 Swarmer 21 | . 3 4 . . . . 4 3 . . . 4 . . . . . . . . . . . . . . . 3 . . Cutter 3 | . . . . . . . . . . . . . . . . . . . . . . . . . . 1 . . 2 . Saboteur 1 | . . . . . . . . . . . . . . . . . . . . . . . . . . . . 1 . . Grunt 22 | . 9 1 . . . . . 1 . . . . . . . . . . . . . . . . . . . 8 . 3 Brawler 1 | . . . . . . . . . . . . . . . . . . . . . . . . . . . . 1 . . Duelist 1 | . . . . . . . . . . . . . . . . . . . . . . . . . . . . 1 . . Protector 1 | . . . . . . . . . . . . . . . . . . . . . . . . . . . . 1 . . Researcher 7 | . . . . . . . . . . . . . . . . . . . . . . . . . . . . 7 . . Sentry 11 | . . 1 . . . . . . . . 1 . . . . . . . . . . . . . . . . 9 . . Specialist 4 | . . . . . . . . . . . . . . . . . . . . . . . . . . . . . . 4 Hunter 5 | . . . . . . . . . . . . 2 . . . . . . . . . . . . . . . 3 . . Programmer 8 | . . . . . 2 . . . . . . 2 . . . . 2 . . . . . . . . . . 2 . . Behemoth 1 | . . . . . . . . 1 . . . . . . . . . . . . . . . . . . . . . . Decapitator 8 | . . . . . . . . . . . . . . . . . . . . . . . . . . . . 8 . . Immortal 6 | . . . . . . . . . . . . . . . . . . . . . . . . . . . . 6 . . Combat Programmer 1 | . . . . . . . . . . . . . . . . . . . . . . . . . . . . . . 1 Alpha 7 2 | . . . . . . . . . . . . . . . . . . . . . . . . . . . . 2 . . V-Series 5 | . . . . . . . . . . . . . . . . . . . . . . . . . . . . 5 . . Subdweller 17 | . . 17 . . . . . . . . . . . . . . . . . . . . . . . . . . . . Scraphulk 1 | . . . . . . . . . . . . . . . . . . . . . . . . . . . . 1 . . Best Kill Streak 8 | 3 3 8 1 . 1 . 4 4 . 1 2 4 . . . . 2 . 1 . . . . . . 2 1 7 2 6 Combat Bots Only 6 | . 3 6 . . 1 . 4 3 . . 1 4 . . . . 1 . . . . . . . . 1 . 5 2 4 Max Kills in Single Turn 4 | 1 1 2 1 . 1 . 4 1 . 1 1 1 . . . . 1 . 1 . . . . . . 1 1 3 1 1 Gunslinging . | . . . . . . . . . . . . . . . . . . . . . . . . . . . . . . . Exploded 4 | . 1 2 . . . . 4 . . . . . . . . . . . . . . . . . . . . 2 . . Melee 1 | . . . . . 1 . . 1 . . 1 1 . . . . 1 . . . . . . . . 1 . 1 1 1 Uniques/NPCs Destroyed . | . . . . . . . . . . . . . . . . . . . . . . . . . . . . . . . Combat | -11 -10 -10 -9 -9 -6 -6 -6 -6 -6 -6 -6 -5 -5 -5 -5 -4 -4 -4 -4 -4 -4 -4 -3 -3 -3 -2 -2 -2 -1 -1 -------- Run | Yrd Mat Sub Rec Scr Fac Was Fac Ext Cet Arc Hub Fac Upp Upp Zhi Pro Fac Was Fac Upp Upp War Pro Res Gar Res Qua Frg Acc Com Hostile Shots Fired 1014 | . 43 120 . . 39 . 43 154 12 2 73 55 1 . . 1 61 1 7 3 . . 9 2 34 19 . 114 102 119 Missed 449 | . 9 36 . . 19 . 27 77 6 2 31 17 1 . . 1 25 1 4 2 . . 4 . 15 11 . 57 38 66 Intercepted 4 | . . . . . . . . . . . . . . . . . . . . . . . . . . . . 4 . . Hits 565 | . 34 84 . . 20 . 16 77 6 . 42 38 . . . . 36 . 3 1 . . 5 2 19 8 . 57 64 53 Melee 14 | . . . . . . . 3 . . . . . . . . . . . . . . . . . . 5 . . 6 . Projectile 551 | . 34 84 . . 20 . 13 77 6 . 42 38 . . . . 36 . 3 1 . . 5 2 19 3 . 57 58 53 AOE 7 | . . . . . . . . . . . . . . . . . . . . . . . . . . 1 . . 5 1 Critical Strikes 33 | . 1 . . . . . 4 2 1 . . 1 . . . . 2 . 1 . . . 1 . . 4 . 5 8 3 Actively Blocked 16 | . . . . . . . . . . . . 1 . . . . 1 . . . . . . . . 4 . 3 5 2 Part Disruptions 4 | . . . . . . . . . . . . 1 . . . . . . . . . . . . . . . . . 3 Actively Blocked 1 | . . . . . . . . . . . . 1 . . . . . . . . . . . . . . . . . . Damage Taken 11301 | . 477 1673 . . 315 . 315 833 167 . 440 624 . . . . 781 . 42 15 . . 105 51 472 292 . 1284 1668 1747 Core 1547 | . 48 120 . . 37 . . 87 29 . 39 18 . . . . 208 . 21 15 . . . . 53 13 . 307 299 253 Absorbed by Shields 154 | . . . . . 12 . 16 86 . . . . . . . . . . . . . . . . . . . . . 40 Redirected to Shielding 324 | . . 16 . . 19 . . . . . . 105 . . . . 79 . . . . . . . . . . 105 . . Ignored by Resistances 289 | . . . . . . . . . . . . . . . . . . . . . . . . . . . . . 28 261 Regen/Repaired (Parts) 1604 | . 213 . . . . . . . . . . . . . . . . . 130 . . 3 . . . . . . 599 659 Core Remaining (%) 76 | 100 . . . 32 . . . . . . 77 . . . . 98 . . . . . . 78 . 95 . . 68 . 65 Volleys Fired 496 | 12 44 143 2 . . . 1 14 . . . 1 . . . . . . . . . 1 6 12 15 . . 222 22 1 Largest 2 | 2 2 2 1 . . . 1 1 . . . 1 . . . . . . . . . 1 1 1 1 . . 2 1 1 Hottest 300 | 90 100 140 80 . . . 50 75 . . . 75 . . . . . . . . . 40 40 40 40 . . 300 140 50 Shots Fired 632 | 24 82 216 2 . . . 1 14 . . . 1 . . . . . . . . . 1 6 12 15 . . 236 21 1 Gun 260 | 24 76 95 . . . . . 13 . . . 1 . . . . . . . . . . . . . . . 51 . . Cannon 333 | . . 99 2 . . . . . . . . . . . . . . . . . . 1 6 12 15 . . 176 21 1 Launcher 23 | . . 13 . . . . 1 . . . . . . . . . . . . . . . . . . . . 9 . . Special 16 | . 6 9 . . . . . 1 . . . . . . . . . . . . . . . . . . . . . . Kinetic 128 | . . 5 . . . . . . . . . . . . . . . . . . . . . . . . . 115 7 1 Thermal 390 | 24 32 158 2 . . . . 13 . . . 1 . . . . . . . . . 1 6 12 15 . . 112 14 . Explosive 23 | . . 13 . . . . 1 . . . . . . . . . . . . . . . . . . . . 9 . . Electromagnetic 90 | . 50 40 . . . . . . . . . . . . . . . . . . . . . . . . . . . . Robot Hit Streak 30 | 8 10 30 6 . . . 2 5 . . . 6 . . . . . . . . . . . . 4 . . 28 3 4 Robot Miss Streak 6 | 3 3 5 1 . . . 3 . . . . . . . . . . . . . . . . 2 3 . . 6 5 1 Penetration Max 1 | . . . . . . . . . . . . . . . . . . . . . . . . . . . . 1 . . Secondary Targets 1 | . . 1 . . . . . . . . . . . . . . . . . . . . . . . . . . . . Max Gunslinging Chain 1 | . . 1 . . . . . . . . . . . . . . . . . . . . . . . . . . . . Shots Hit Robots 603 | 14 46 113 1 . 7 . 31 59 . 3 19 23 . . 2 4 19 . 5 1 . . . . 8 7 12 185 20 24 Core Hits 350 | 6 25 45 1 . 1 . 19 12 . 2 4 14 . . . 1 5 . 2 . . . . . . 4 6 183 6 14 Critical Kills 28 | . . . . . . . . . . . . . . . . . . . . . . . . . . . . 28 . . Critical Parts Destroyed 41 | . . . . . . . . . . . . . . . . . . . . . . . . . . . . 34 . 7 Critical Strikes 114 | 1 2 1 . . 2 . 1 4 . . 3 . . . . . 2 . . . . . . . . 2 1 78 2 15 Burn 4 | 1 2 . . . . . . 1 . . . . . . . . . . . . . . . . . . . . . . Meltdown 5 | . . . . . . . . . . . . . . . . . . . . . . . . . . . . 5 . . Destroy 68 | . . 1 . . . . . . . . . . . . . . . . . . . . . . . . . 64 . 3 Smash 5 | . . . . . . . . . . . . . . . . . . . . . . . . . . . . . . 5 Sever 12 | . . . . . . . 1 3 . . 3 . . . . . 2 . . . . . . . . 2 1 . . . Impale 20 | . . . . . 2 . . . . . . . . . . . . . . . . . . . . . . 9 2 7 Melee Attacks 663 | . . . . . 34 . 72 79 . 13 38 53 2 7 2 15 69 . 29 6 7 . . . 3 26 25 88 49 46 Impact 18 | . . . . . 2 . . . . . . . . . . . . . . . . . . . . . . . . 16 Slashing 352 | . . . . . 14 . 70 52 . 13 38 . . . . . 55 . 29 6 7 . . . 3 26 25 14 . . Piercing 251 | . . . . . 18 . . . . . . 53 2 7 2 15 14 . . . . . . . . . . 74 36 30 Sneak Attacks 86 | . . . . . 2 . 16 32 . 1 6 3 . . . . 2 . 1 . . . . . . 3 . 8 11 1 Combat Hostiles 3 | . . . . . 1 . . . . . . . . . . . . . . . . . . . . . . 2 . . Follow-up Attacks . | . . . . . . . . . . . . . . . . . . . . . . . . . . . . . . . Martial Strikes 12 | . . . . . . . . . . . . . . . . . . . . . . . . . . . . . . 12 Damage Inflicted 28007 | 167 770 2410 26 . 256 . 2145 1423 . 194 996 1042 . . 161 321 936 . 313 83 . . . . 385 443 631 12749 174 2382 Guns 3322 | 167 590 1138 . . . . . 85 . . . 22 . . . . . . . . . . . . . . . 1320 . . Cannons 6197 | . . 935 26 . . . . . . . . . . . . . . . . . . . . . 385 . . 4824 18 9 Explosions 4895 | . 180 337 . . . . 270 . . . . . . . . . . . . . . . . . . . . 3178 . 930 Melee 13593 | . . . . . 256 . 1875 1338 . 194 996 1020 . . 161 321 936 . 313 83 . . . . . 443 631 3427 156 1443 Ramming . | . . . . . . . . . . . . . . . . . . . . . . . . . . . . . . . Kinetic 2066 | . . 27 . . . . . . . . . . . . . . . . . . . . . . . . . 2012 18 9 Thermal 6860 | 167 390 1653 26 . . . . 85 . . . 22 . . . . . . . . . . . . 385 . . 4132 . . Explosive 3785 | . . 337 . . . . 270 . . . . . . . . . . . . . . . . . . . . 3178 . . Electromagnetic 773 | . 380 393 . . . . . . . . . . . . . . . . . . . . . . . . . . . . Impact 1617 | . . . . . . . . . . . . . . . . . . . . . . . . . . . . . . 1617 Slashing 7078 | . . . . . . . 1875 1338 . 194 996 . . . . . 768 . 313 83 . . . . . 443 631 437 . . Piercing 5828 | . . . . . 256 . . . . . . 1020 . . 161 321 168 . . . . . . . . . . 2990 156 756 Highest Corruption 11 | . . . . . . 10 10 1 1 1 1 2 2 2 2 2 4 9 9 . . . . . . . . 7 2 11 Average Corruption 3 | . . . . . . 10 3 1 1 1 1 2 2 2 2 2 3 9 6 . . . . . . . . 4 2 9 Corruption Purged 23 | . . . . . . . 9 . . 1 . . . . . . 4 . 9 . . . . . . . . . . . Corruption Blocked 2 | . . . . . . . . . . . . . . . . . . . . . . . . . . . . 2 . . Effects 73 | . . . . . . 1 17 2 . 1 2 5 2 2 1 2 5 . 11 . . . . . . . . 10 2 10 Message Errors 20 | . . . . . . 1 5 . . . 1 2 1 . . . 2 . 3 . . . . . . . . 3 . 2 Matter Fused 14 | . . . . . . . 4 1 . . . 1 . . 1 . 1 . 2 . . . . . . . . 2 1 1 Heat Flow Errors 9 | . . . . . . . . . . . . 2 . . . . 1 . 2 . . . . . . . . 2 . 2 Energy Discharges 9 | . . . . . . . 1 1 . . . . . . . 1 1 . 1 . . . . . . . . . . 4 Parts Fused 2 | . . . . . . . . . . . . . . . . 1 . . 1 . . . . . . . . . . . Data Loss (minor) 9 | . . . . . . . 3 . . 1 . . 1 1 . . . . 1 . . . . . . . . 2 . . Data Loss (major) 8 | . . . . . . . 4 . . . 1 . . . . . . . 1 . . . . . . . . 1 . 1 Alerts 1 | . . . . . . . . . . . . . . 1 . . . . . . . . . . . . . . . . Weapon Failures 1 | . . . . . . . . . . . . . . . . . . . . . . . . . . . . . 1 . Overload Shots . | . . . . . . . . . . . . . . . . . . . . . . . . . . . . . . . Overflow Damage 3239 | . . . . . 104 . 341 144 . 53 224 123 . . 122 17 180 . 58 63 . . . . 3 . 13 1054 96 644 Projectiles 246 | . . . . . . . . . . . . . . . . . . . . . . . . . 3 . . 243 . . Explosions 369 | . . . . . . . 2 . . . . . . . . . . . . . . . . . . . . 222 . 145 Melee 2624 | . . . . . 104 . 339 144 . 53 224 123 . . 122 17 180 . 58 63 . . . . . . 13 589 96 499 Knockbacks 18 | . . . . . . . . . . . . . . . . . . . . . . . . . . . . 7 . 11 Impact 9 | . . . . . . . . . . . . . . . . . . . . . . . . . . . . . . 9 Kinetic 7 | . . . . . . . . . . . . . . . . . . . . . . . . . . . . 7 . . Secondary 2 | . . . . . . . . . . . . . . . . . . . . . . . . . . . . . . 2 Self-Inflicted Damage 171 | . . 29 . . . . . . . . . . . . . . . . . . . . . . . . . 142 . . Shots 2 | . . 1 . . . . . . . . . . . . . . . . . . . . . . . . . 1 . . Rammed . | . . . . . . . . . . . . . . . . . . . . . . . . . . . . . . . Targets Rammed . | . . . . . . . . . . . . . . . . . . . . . . . . . . . . . . . Kicked . | . . . . . . . . . . . . . . . . . . . . . . . . . . . . . . . Crushed . | . . . . . . . . . . . . . . . . . . . . . . . . . . . . . . . Highest Temperature 432 | 120 222 144 30 . . . 11 213 53 9 75 267 110 . . 250 285 254 200 112 140 18 59 302 370 168 218 327 432 241 Average Temperature 69 | 53 51 48 16 . . . 3 81 27 4 22 49 57 . . 99 84 132 47 46 34 11 28 211 143 42 65 45 131 99 Received Heat Transfer 1544 | . 204 405 . . 29 . 68 243 18 . 84 . . . . . 39 . 49 . . . 39 9 90 9 . 102 9 147 Effects 12 | . . . . . . . . 3 . . . 1 . . . . 1 . . . . . . 3 . . . 1 3 . Shutdowns 1 | . . . . . . . . . . . . . . . . . . . . . . . . . . . . . 1 . Energy Bleed 6 | . . . . . . . . . . . . 1 . . . . 1 . . . . . . 3 . . . 1 . . Interference 4 | . . . . . . . . 3 . . . . . . . . . . . . . . . . . . . . 1 . Damage (minor) 1 | . . . . . . . . . . . . . . . . . . . . . . . . . . . . . 1 . Siege Activations . | . . . . . . . . . . . . . . . . . . . . . . . . . . . . . . . Martial Activations . | . . . . . . . . . . . . . . . . . . . . . . . . . . . . . . . Shielding Activations . | . . . . . . . . . . . . . . . . . . . . . . . . . . . . . . . Robots Disrupted . | . . . . . . . . . . . . . . . . . . . . . . . . . . . . . . . Combat Hostiles . | . . . . . . . . . . . . . . . . . . . . . . . . . . . . . . . Robots Corrupted 4 | . . . . . . . . . . . . . . . . . . . . . . . . . . . . . . 4 Combat Hostiles 3 | . . . . . . . . . . . . . . . . . . . . . . . . . . . . . . 3 Parts Fried 16 | . 3 5 . . . . . 2 . . . . . . . . . . . . . . . . . . . . . 6 Impact Corruptions 14 | . . . . . . . . . . . . . . . . . . . . . . . . . . . . . . 14 Robots Melted 5 | . . . . . . . . . . . . . . . . . . . . . . . . . . . . 5 . . Combat Hostiles 4 | . . . . . . . . . . . . . . . . . . . . . . . . . . . . 4 . . Parts Melted 14 | 2 . 8 . . . . . . . . . . . . . . . . . . . . . . . . . 4 . . Heat Transferred 6305 | 508 868 2133 37 . . . . 222 . . . 37 . . . . . . . . . . . . . . . 2500 . . Parts Sabotaged . | . . . . . . . . . . . . . . . . . . . . . . . . . . . . . . . Parts Stolen . | . . . . . . . . . . . . . . . . . . . . . . . . . . . . . . . Parts Stripped . | . . . . . . . . . . . . . . . . . . . . . . . . . . . . . . . Power Chain Reactions 3 | . 3 . . . . . . . . . . . . . . . . . . . . . . . . . . . . . Alert | -11 -10 -10 -9 -9 -6 -6 -6 -6 -6 -6 -6 -5 -5 -5 -5 -4 -4 -4 -4 -4 -4 -4 -3 -3 -3 -2 -2 -2 -1 -1 ------- Run | Yrd Mat Sub Rec Scr Fac Was Fac Ext Cet Arc Hub Fac Upp Upp Zhi Pro Fac Was Fac Upp Upp War Pro Res Gar Res Qua Frg Acc Com Maximum Alert Level 5 | . . . . . . . . . . . . 1 . . . . . . 1 . . . . . . . . 5 5 4 Low Security (%) 66 | 100 100 . 100 . 100 100 100 100 100 100 100 78 . . . . 100 100 91 . . . . 100 100 100 100 10 . . Level 1 6 | . . . . . . . . . . . . 21 . . . . . . 8 . . . . . . . . 17 . . Level 2 5 | . . . . . . . . . . . . . . . . . . . . . . . . . . . . 18 . . Level 3 1 | . . . . . . . . . . . . . . . . . . . . . . . . . . . . 4 . . Level 4 8 | . . . . . . . . . . . . . . . . . . . . . . . . . . . . 17 45 100 Level 5 10 | . . . . . . . . . . . . . . . . . . . . . . . . . . . . 32 36 . High Security . | . . . . . . . . . . . . . . . . . . . . . . . . . . . . . 17 . Max Security . | . . . . . . . . . . . . . . . . . . . . . . . . . . . . . . . Peak Influence 2292 | 10 112 . 112 . 64 . 127 155 86 36 158 345 . . . . 157 35 225 . . . . 31 169 195 74 2292 1917 1589 Initial 1374 | . . . 57 . . . . 53 86 30 3 72 . . . . 31 35 17 . . . . 30 34 94 74 29 1374 1226 Average 434 | 2 46 . 38 . 12 . 38 62 81 22 58 151 . . . . 80 34 120 . . . . 24 98 152 54 1063 1672 1385 Influence Increases 9340 | 25 498 295 130 . 262 . 477 567 . 21 355 657 60 . . 65 429 . 381 95 . . 75 66 155 229 149 3023 763 563 Destroy 0b10 Robot/C 2480 | . 240 160 . . 40 . 80 280 . . 20 160 . . . . 40 . . . . . . . . 20 . 1240 40 160 Destroy 0b10 Robot/NC 400 | 25 20 . 5 . 5 . 80 30 . 5 25 20 . . . 5 25 . 10 5 . . . . . 15 25 75 . 25 Destroy Leader 324 | . 48 . . . 20 . 14 32 . . 14 32 . . . . 16 . 2 . . . . . . 2 6 112 10 16 Allied During Kill 131 | . . . . . . . . 84 . . . . . . . . . . . . . . . . . . . 47 . . Trap Triggered on 0b10 110 | . . . . . . . . . . . . 20 . . . . . . 10 . . . . . . . . 80 . . Successful Hack 818 | . 52 . 34 . 52 . 81 7 . . 70 121 . . . . 81 . 178 . . . . 18 38 . 37 33 12 4 Select Force Hacks 140 | . 30 . 90 . . . 20 . . . . . . . . . . . . . . . . . . . . . . . Disable Machine 600 | . . . . . 15 . . . . 15 45 . . . . . 15 . . . . . . . . . 60 390 45 15 Anti-Garrison Action 50 | . . . . . . . . . . . . . . . . . . . . . . . . . 50 . . . . . Destroy Structure 1462 | . 18 . 1 . 25 . 52 14 . 1 16 34 . . . . 72 . 46 . . . . 18 22 42 6 911 151 33 Partial Spotted 420 | . . . . . 30 . 15 . . . 30 90 . . . . 30 . 45 . . . . 30 30 30 15 . 30 45 Lose Combat Pursuer 1905 | . 90 135 . . 75 . 135 120 . . 135 180 60 . . 60 150 . 90 90 . . 75 . 15 120 . 135 75 165 Active Sensor Use 500 | . . . . . . . . . . . . . . . . . . . . . . . . . . . . . 400 100 Influence Decreases 7771 | 25 469 205 249 . 262 . 367 522 79 86 218 466 216 106 77 15 378 76 264 237 . . 30 65 32 265 229 785 1137 911 Entered New Map 2511 | . . 15 62 . . . . 57 69 46 8 76 126 36 77 . 19 66 8 53 . . . 15 12 75 59 24 917 691 Time Decay 4670 | 25 459 170 187 . 252 . 347 255 10 40 180 380 90 70 . 15 309 10 246 184 . . 30 50 . 180 170 691 190 130 Lost Part 340 | . 10 20 . . 10 . 10 10 . . 20 10 . . . . 40 . 10 . . . . . 20 10 . 50 30 90 Lost Ally 250 | . . . . . . . 10 200 . . 10 . . . . . 10 . . . . . . . . . . 20 . . Squads Dispatched 111 | . 1 . . . 11 . 17 5 . . 7 11 . . . . 13 . 9 . . . . 1 . 3 3 11 15 4 Investigation 48 | . 1 . . . 5 . 10 2 . . 2 4 . . . . 9 . 4 . . . . 1 . . . 5 4 1 Extermination 25 | . . . . . 4 . 3 . . . 2 3 . . . . 2 . 2 . . . . . . 1 3 . 4 1 Reinforcement 35 | . . . . . 2 . 4 3 . . 2 4 . . . . 2 . 3 . . . . . . 2 . 6 5 2 Assault 2 | . . . . . . . . . . . . . . . . . . . . . . . . . . . . . 2 . Garrison 1 | . . . . . . . . . . . 1 . . . . . . . . . . . . . . . . . . . Intercept . | . . . . . . . . . . . . . . . . . . . . . . . . . . . . . . . Searches Triggered . | . . . . . . . . . . . . . . . . . . . . . . . . . . . . . . . Unchained Authorized 4 | . . . . . . . . . . . . . . . . . 1 . 1 . . . . 1 . . . . 1 . Construction Impeded 2 | . . . . . . . 1 1 . . . . . . . . . . . . . . . . . . . . . . Haulers Reinforced 1 | . . . . . . . . . . . . 1 . . . . . . . . . . . . . . . . . . Active Scanning Responses 5 | . . . . . . . . . . . . . . . . . . . . . . . . . . . . . 4 1 Cargo Convoy Interrupts 1 | . . . . . . . 1 . . . . . . . . . . . . . . . . . . . . . . . Stealth | -11 -10 -10 -9 -9 -6 -6 -6 -6 -6 -6 -6 -5 -5 -5 -5 -4 -4 -4 -4 -4 -4 -4 -3 -3 -3 -2 -2 -2 -1 -1 --------- Run | Yrd Mat Sub Rec Scr Fac Was Fac Ext Cet Arc Hub Fac Upp Upp Zhi Pro Fac Was Fac Upp Upp War Pro Res Gar Res Qua Frg Acc Com Distress Signals 20 | . . . . . . . 2 1 1 . 2 2 . . . . 2 . 1 . . . . . . . . 8 . 1 Communications Jammed 69 | . . . . . . . . . . . . . . . . . . . . . . . . . . 5 . 41 8 15 Distress Signals 69 | . . . . . . . . . . . . . . . . . . . . . . . . . . 5 . 41 8 15 Times Spotted 499 | . 19 25 . . 16 5 47 36 5 3 22 29 2 . . 4 33 3 7 5 . 1 5 3 5 14 9 109 60 32 Peak Tracking Total 16 | . 4 4 . . 4 5 8 10 5 3 14 8 4 . . 8 12 3 6 5 . 1 5 2 5 5 3 12 16 13 Tactical Retreats 77 | . 4 3 . . 6 . 8 6 . . 4 4 1 . . 1 6 . 4 2 . . 3 . 1 5 2 7 8 2 ECM-based Alert Blocks 69 | . . . . . 5 . 14 . . . . . . . . . . . . . . . . . . 1 2 3 44 . Traps | -11 -10 -10 -9 -9 -6 -6 -6 -6 -6 -6 -6 -5 -5 -5 -5 -4 -4 -4 -4 -4 -4 -4 -3 -3 -3 -2 -2 -2 -1 -1 ------- Run | Yrd Mat Sub Rec Scr Fac Was Fac Ext Cet Arc Hub Fac Upp Upp Zhi Pro Fac Was Fac Upp Upp War Pro Res Gar Res Qua Frg Acc Com Traps Triggered 23 | . 1 1 . . 2 . 1 2 . . 1 2 . . . . 1 . 1 . . . . . 1 . . 9 1 . Indirectly . | . . . . . . . . . . . . . . . . . . . . . . . . . . . . . . . Trap Hack Attempts 171 | . . . . . . . . 7 . . . 18 . . . . 2 . . . . . . . . 14 14 116 . . Triggered . | . . . . . . . . . . . . . . . . . . . . . . . . . . . . . . . Disarmed 3 | . . . . . . . . . . . . . . . . . 1 . . . . . . . . . 1 1 . . Reprogrammed 30 | . 5 . . . . . . . . . . 5 . . . . . . 6 . . . . . . 1 . 13 . . Reused 11 | . . . . . . . . . . . . 2 . . . . . . 1 . . . . . . . . 8 . . Traps Extracted 19 | . . . . . . . . . . . . 3 . . . . . . . . . . . . . 1 . 15 . . Installed 19 | . . . . . . . . . . . . . . . . . . . . . . . . . . . . 10 . 9 Triggered 11 | . . . . . . . . . . . . 2 . . . . . . 1 . . . . . . . . 8 . . Most Traps Carried 10 | . . . . . . . . . . . . 3 3 3 3 3 3 3 3 3 3 3 3 3 3 4 4 10 9 9 Machines | -11 -10 -10 -9 -9 -6 -6 -6 -6 -6 -6 -6 -5 -5 -5 -5 -4 -4 -4 -4 -4 -4 -4 -3 -3 -3 -2 -2 -2 -1 -1 ---------- Run | Yrd Mat Sub Rec Scr Fac Was Fac Ext Cet Arc Hub Fac Upp Upp Zhi Pro Fac Was Fac Upp Upp War Pro Res Gar Res Qua Frg Acc Com Machines Disabled 55 | . . 4 . . 1 . . 1 . 1 3 . . . . . 1 . . . . 1 . . 1 . 4 34 3 1 Max in Single Turn 2 | . . 2 . . 1 . . 1 . 1 1 . . . . . 1 . . . . 1 . . 1 . 1 2 1 1 Garrison Access 7 | . . . . . . . 3 . . . . . . . . . 1 . . . . . . . . 1 1 1 . . Garrison Relay 1 | . . . . . . . . . . . . . . . . . . . . . . . . . 1 . . . . . Network Hub 3 | . . . . . . . . . . . 3 . . . . . . . . . . . . . . . . . . . Machines Repaired . | . . . . . . . . . . . . . . . . . . . . . . . . . . . . . . . Machines Dismantled 3 | . . . . . . . . . . . 3 . . . . . . . . . . . . . . . . . . . Machines Sabotaged . | . . . . . . . . . . . . . . . . . . . . . . . . . . . . . . . Overloaded Fab Kills . | . . . . . . . . . . . . . . . . . . . . . . . . . . . . . . . Hacking | -11 -10 -10 -9 -9 -6 -6 -6 -6 -6 -6 -6 -5 -5 -5 -5 -4 -4 -4 -4 -4 -4 -4 -3 -3 -3 -2 -2 -2 -1 -1 --------- Run | Yrd Mat Sub Rec Scr Fac Was Fac Ext Cet Arc Hub Fac Upp Upp Zhi Pro Fac Was Fac Upp Upp War Pro Res Gar Res Qua Frg Acc Com Machines Accessed 155 | . 10 2 9 1 13 . 25 10 . . 7 12 . . 4 . 23 . 13 . 1 3 . 4 1 2 3 9 2 1 Terminals 81 | . 8 . 6 . 8 . 10 9 . . 6 7 . . . . 12 . 8 . 1 . . 1 1 . 1 2 . 1 Fabricators 11 | . . . . . 1 . 3 . . . . 2 . . . . 1 . 1 . . . . 1 . . . 2 . . Repair Stations 4 | . 1 . . . . . . . . . . . . . . . . . 1 . . . . . . 1 . . 1 . Recycling Units 33 | . 1 . 3 . 2 . 8 1 . . . 3 . . . . 7 . 3 . . . . 1 . . . 3 1 . Scanalyzers 6 | . . . . . 1 . 1 . . . . . . . . . 2 . . . . . . . . . 1 1 . . Garrison Access 10 | . . . . . 1 . 3 . . . 1 . . . . . 1 . . . . . . 1 . 1 1 1 . . Total Hacks 517 | . 49 6 29 3 30 . 56 22 . . 23 54 . . 17 . 95 . 67 . 7 4 . 9 5 2 12 19 3 5 Successful 316 | . 31 6 17 3 13 . 37 15 . . 15 34 . . 17 . 50 . 41 . 7 4 . 4 3 1 5 11 1 1 Failed 200 | . 18 . 12 . 17 . 19 7 . . 8 19 . . . . 45 . 26 . . . . 5 2 1 7 8 2 4 Catastrophic 33 | . 2 . 3 . 7 . 2 . . . 1 1 . . . . 5 . 5 . . . . . . 1 1 4 1 . Database Lockouts 1 | . . . . . . . . . . . . 1 . . . . . . . . . . . . . . . . . . Manual 283 | . 28 . 27 . 20 . 33 12 . . 17 38 . . . . 42 . 41 . . . . 5 4 1 3 9 3 . Terminals 314 | . 34 . 25 . 16 . 30 21 . . 21 39 . . . . 43 . 56 . 7 . . 5 5 . 3 4 . 5 Fabricators 33 | . . . . . 3 . 5 . . . . 9 . . . . 3 . 4 . . . . 1 . . . 8 . . Repair Stations 20 | . 14 . . . . . . . . . . . . . . . . . 4 . . . . . . 1 . . 1 . Recycling Units 47 | . 1 . 4 . 5 . 10 1 . . . 6 . . . . 8 . 3 . . . . 2 . . . 5 2 . Scanalyzers 60 | . . . . . 4 . 7 . . . . . . . . . 40 . . . . . . . . . 8 1 . . Garrison Access 13 | . . . . . 2 . 4 . . . 2 . . . . . 1 . . . . . . 1 . 1 1 1 . . Terminal Hacks 110 | . 8 6 4 3 1 . 8 4 . . 5 11 . . 17 . 11 . 17 . 7 4 . 1 2 . . . . 1 Record 22 | . . 5 . 3 . . . . . . . . . . 5 . . . . . 7 2 . . . . . . . . Part Schematic 19 | . 1 . 2 . . . . . . . 2 5 . . 4 . 3 . 2 . . . . . . . . . . . Robot Analysis 8 | . 3 . 1 . . . . . . . . . . . 4 . . . . . . . . . . . . . . . Prototype ID Bank 10 | . 1 . . . . . 1 . . . . 1 . . 4 . 1 . 2 . . . . . . . . . . . Open Door 8 | . . . . . 1 . 1 3 . . . . . . . . . . . . . 2 . . . . . . . 1 Level Access Points 1 | . . . . . . . . . . . 1 . . . . . . . . . . . . . . . . . . . Branch Access Points 4 | . . . . . . . 1 . . . . 1 . . . . 1 . 1 . . . . . . . . . . . Terminal Index 5 | . . . 1 . . . . . . . . 1 . . . . 2 . 1 . . . . . . . . . . . Repair Station Index 1 | . . . . . . . . . . . . . . . . . . . 1 . . . . . . . . . . . Recycling Unit Index 1 | . . . . . . . . . . . . . . . . . . . . . . . . 1 . . . . . . Scanalyzer Index 2 | . . . . . . . . . . . . . . . . . 1 . 1 . . . . . . . . . . . Alert Level 2 | . . . . . . . 1 1 . . . . . . . . . . . . . . . . . . . . . . Locate Traps 6 | . 1 . . . . . 1 . . . . 1 . . . . . . 3 . . . . . . . . . . . Reprogram Traps 2 | . 1 . . . . . . . . . . . . . . . . . 1 . . . . . . . . . . . Extermination Status 2 | . . . . . . . 1 . . . . . . . . . . . 1 . . . . . . . . . . . Recall Extermination 2 | . . . . . . . . . . . . . . . . . 1 . 1 . . . . . . . . . . . Zone Layout 12 | . 1 . . . . . 2 . . . 2 2 . . . . 2 . 3 . . . . . . . . . . . Garrison Registry 1 | . . . . . . . . . . . . . . . . . . . . . . . . . 1 . . . . . Security Stations 1 | . . . . . . . . . . . . . . . . . . . . . . . . . 1 . . . . . Proto ID Catalog 1 | . . 1 . . . . . . . . . . . . . . . . . . . . . . . . . . . . Fabricator Hacks 17 | . . . . . 1 . 1 . . . . 6 . . . . 2 . 2 . . . . 1 . . . 4 . . Network Status 5 | . . . . . 1 . . . . . . 1 . . . . 1 . 1 . . . . 1 . . . . . . Load Schematic 7 | . . . . . . . 1 . . . . 2 . . . . 1 . 1 . . . . . . . . 2 . . Build 5 | . . . . . . . . . . . . 3 . . . . . . . . . . . . . . . 2 . . Repair Station Hacks 16 | . 12 . . . . . . . . . . . . . . . . . 4 . . . . . . . . . . . Scan Component 8 | . 6 . . . . . . . . . . . . . . . . . 2 . . . . . . . . . . . Repair 8 | . 6 . . . . . . . . . . . . . . . . . 2 . . . . . . . . . . . Recycling Unit Hacks 5 | . . . . . . . 2 . . . . 3 . . . . . . . . . . . . . . . . . . Recycle Component 1 | . . . . . . . . . . . . 1 . . . . . . . . . . . . . . . . . . Process 2 | . . . . . . . 1 . . . . 1 . . . . . . . . . . . . . . . . . . Retrieve Matter 2 | . . . . . . . 1 . . . . 1 . . . . . . . . . . . . . . . . . . Scanalyzer 23 | . . . . . 2 . 2 . . . . . . . . . 15 . . . . . . . . . 3 1 . . Insert Component 9 | . . . . . 1 . 1 . . . . . . . . . 6 . . . . . . . . . 1 . . . Analyze 9 | . . . . . 1 . 1 . . . . . . . . . 7 . . . . . . . . . . . . . Retrieve Study 5 | . . . . . . . . . . . . . . . . . 2 . . . . . . . . . 2 1 . . Garrison Access Hacks 8 | . . . . . . . 3 . . . . . . . . . 1 . . . . . . 1 . 1 1 1 . . Unlock Access 1 | . . . . . . . . . . . . . . . . . . . . . . . . 1 . . . . . . Seal Access 7 | . . . . . . . 3 . . . . . . . . . 1 . . . . . . . . 1 1 1 . . Unauthorized Hacks 136 | . 11 . 13 . 9 . 21 11 . . 10 14 . . . . 21 . 18 . . . . 1 1 . 1 5 . . Terminals 98 | . 10 . 10 . 6 . 12 10 . . 10 9 . . . . 13 . 14 . . . . . 1 . 1 2 . . Track 4 | . . . . . . . . . . . 2 . . . . . . . 2 . . . . . . . . . . . Assimilate 6 | . . . . . . . 3 . . . 1 . . . . . 1 . . . . . . . . . 1 . . . Botnet 39 | . 5 . 5 . . . 4 4 . . 2 4 . . . . 6 . 6 . . . . . 1 . . 2 . . Disrupt 2 | . . . . . . . . 1 . . . . . . . . . . 1 . . . . . . . . . . . Skim 47 | . 5 . 5 . 6 . 5 5 . . 5 5 . . . . 6 . 5 . . . . . . . . . . . Fabricators 7 | . . . . . 1 . 2 . . . . 2 . . . . 1 . 1 . . . . . . . . . . . Prioritize 2 | . . . . . . . . . . . . 2 . . . . . . . . . . . . . . . . . . Download 1 | . . . . . . . 1 . . . . . . . . . . . . . . . . . . . . . . . Recompile 4 | . . . . . 1 . 1 . . . . . . . . . 1 . 1 . . . . . . . . . . . Repair Stations . | . . . . . . . . . . . . . . . . . . . . . . . . . . . . . . . Recycling Units 31 | . 1 . 3 . 2 . 7 1 . . . 3 . . . . 7 . 3 . . . . 1 . . . 3 . . Tunnel 4 | . 1 . 3 . . . . . . . . . . . . . . . . . . . . . . . . . . . Fedlink 25 | . . . . . 2 . 7 1 . . . 3 . . . . 7 . 3 . . . . 1 . . . 1 . . Scraphulk 2 | . . . . . . . . . . . . . . . . . . . . . . . . . . . . 2 . . Scanalyzers . | . . . . . . . . . . . . . . . . . . . . . . . . . . . . . . . Garrison Access . | . . . . . . . . . . . . . . . . . . . . . . . . . . . . . . . Data Cores Recovered 6 | . . . . . . . 2 . . . . . . . . . . . . . . . . . . . 2 1 . 1 Used 1 | . . . . . . . 1 . . . . . . . . . . . . . . . . . . . . . . . Hacking Detections 84 | . 9 . 7 . 11 . 13 6 . . 7 6 . . . . 8 . 7 . . . . 2 1 1 2 2 1 1 Full Trace Events 7 | . . . . . 2 . 1 1 . . 1 1 . . . . 1 . . . . . . . . . . . . . Feedback Events . | . . . . . . . . . . . . . . . . . . . . . . . . . . . . . . . Feedback Blocked . | . . . . . . . . . . . . . . . . . . . . . . . . . . . . . . . Robot Schematics Acquired 6 | . . . . . . . . . . . . . . . . . . . . . . . . . . . . 6 . . Robots Built . | . . . . . . . . . . . . . . . . . . . . . . . . . . . . . . . Authchips . | . . . . . . . . . . . . . . . . . . . . . . . . . . . . . . . Time . | . . . . . . . . . . . . . . . . . . . . . . . . . . . . . . . Total Robot Build Rating . | . . . . . . . . . . . . . . . . . . . . . . . . . . . . . . . Part Schematics Acquired 44 | . 1 . 2 . . . 2 . . . 2 5 . . 4 . 5 . 2 . . . . . . . . 21 . . Parts Built 9 | . . . . . . . . . . . . 6 . . . . . . . . . . . . . . . 3 . . Authchips 3 | . . . . . . . . . . . . 1 . . . . . . . . . . . . . . . 2 . . Time 279 | . . . . . . . . . . . . 166 . . . . . . . . . . . . . . . 113 . . Total Part Build Rating 53 | . . . . . . . . . . . . 30 . . . . . . . . . . . . . . . 23 . . Part Studies Acquired 5 | . . . . . . . . . . . . . . . . . 2 . . . . . . . . . 2 1 . . Parts Repaired 8 | . 6 . . . . . . . . . . . . . . . . . 2 . . . . . . . . . . . Time 385 | . 183 . . . . . . . . . . . . . . . . . 202 . . . . . . . . . . . Parts Recycled 1 | . . . . . . . . . . . . 1 . . . . . . . . . . . . . . . . . . Recycled Matter 78 | . . . . . . . 16 . . . . 62 . . . . . . . . . . . . . . . . . . Retrieved Matter 78 | . . . . . . . 16 . . . . 62 . . . . . . . . . . . . . . . . . . Retrieved Components . | . . . . . . . . . . . . . . . . . . . . . . . . . . . . . . . Parts Scanalyzed 3 | . . . . . 1 . . . . . . . . . . . 2 . . . . . . . . . . . . . Part Schematics Acquired 3 | . . . . . . . 1 . . . . . . . . . 2 . . . . . . . . . . . . . Parts Damaged 1 | . . . . . . . . . . . . . . . . . 1 . . . . . . . . . . . . . Bothacking | -11 -10 -10 -9 -9 -6 -6 -6 -6 -6 -6 -6 -5 -5 -5 -5 -4 -4 -4 -4 -4 -4 -4 -3 -3 -3 -2 -2 -2 -1 -1 ------------ Run | Yrd Mat Sub Rec Scr Fac Was Fac Ext Cet Arc Hub Fac Upp Upp Zhi Pro Fac Was Fac Upp Upp War Pro Res Gar Res Qua Frg Acc Com Used RIF Installer 1 | . . . . . . . . . . . . . . . . . . . . . . . . . 1 . . . . . Robots Hacked 10 | . . . . . . . 1 . . . . . . . . . . . . . . . . . . . . . 9 . Non-combat 10 | . . . . . . . 1 . . . . . . . . . . . . . . . . . . . . . 9 . Combat . | . . . . . . . . . . . . . . . . . . . . . . . . . . . . . . . Robot Hacks Applied 13 | . . . . . . . 1 . . . . . . . . . . . . . . . . . . . . . 12 . generate_echo 1 | . . . . . . . . . . . . . . . . . . . . . . . . . . . . . 1 . map_walls 8 | . . . . . . . . . . . . . . . . . . . . . . . . . . . . . 8 . map_earth 2 | . . . . . . . . . . . . . . . . . . . . . . . . . . . . . 2 . find_fabricator 1 | . . . . . . . 1 . . . . . . . . . . . . . . . . . . . . . . . map_route 1 | . . . . . . . . . . . . . . . . . . . . . . . . . . . . . 1 . Relay Couplers Released 5 | . . . . . . . . . . . . . . . . . . . . . . . . . 3 . . 2 . . Machine Destruction 5 | . . . . . . . . . . . . . . . . . . . . . . . . . 3 . . 2 . . Attached 1 | . . . . . . . . . . . . . . . . . . . . . . . . . . . . . 1 . Fabnet Peak Effective % . | . . . . . . . . . . . . . . . . . . . . . . . . . . . . . . . Robots Rewired 9 | . . . . . . . . 9 . . . . . . . . . . . . . . . . . . . . . . Allies Hacked . | . . . . . . . . . . . . . . . . . . . . . . . . . . . . . . . Hacks Repelled . | . . . . . . . . . . . . . . . . . . . . . . . . . . . . . . . Allies | -11 -10 -10 -9 -9 -6 -6 -6 -6 -6 -6 -6 -5 -5 -5 -5 -4 -4 -4 -4 -4 -4 -4 -3 -3 -3 -2 -2 -2 -1 -1 -------- Run | Yrd Mat Sub Rec Scr Fac Was Fac Ext Cet Arc Hub Fac Upp Upp Zhi Pro Fac Was Fac Upp Upp War Pro Res Gar Res Qua Frg Acc Com Total Allies 17 | . . . . . . . 1 12 . . 1 . . . . . 1 . . . . . . . . . . 2 . . Largest Group 7 | . . . . . . . 1 7 . . 1 . . . . . 1 . . . . . . . . . . 2 . . Highest-Rated Group 341 | . . . . . . . 26 341 . . 10 . . . . . 45 . . . . . . . . . . 278 . . Highest-Rated Ally 159 | . . . . . . . 26 159 . . 10 . . . . . 45 . . . . . . . . . . 139 . . Initial UFD Resources 123 | . . . . . 24 38 38 52 54 54 54 56 72 72 72 76 76 100 100 106 106 106 110 110 120 123 123 123 . . Total Orders 9 | . . . . . . . . 3 . . 2 . . . . . . . . . 2 . . . . . . 2 . . STAY 5 | . . . . . . . . 3 . . 1 . . . . . . . . . . . . . . . . 1 . . FOLLOW 2 | . . . . . . . . . . . 1 . . . . . . . . . . . . . . . . 1 . . RETURN 2 | . . . . . . . . . . . . . . . . . . . . . 2 . . . . . . . . . Ally Attacks 128 | . . . . . . . . 74 . . . . . . . . . . . . . . . . . . . 54 . . Total Damage 3900 | . . . . . . . . 1693 . . . . . . . . . . . . . . . . . . . 2207 . . Kills 15 | . . . . . . . . 9 . . . . . . . . . . . . . . . . . . . 6 . . Allies Corrupted . | . . . . . . . . . . . . . . . . . . . . . . . . . . . . . . . Allies Melted 4 | . . . . . . . . 1 . . . . . . . . . . . . . . . . . . . 3 . . Intel | -11 -10 -10 -9 -9 -6 -6 -6 -6 -6 -6 -6 -5 -5 -5 -5 -4 -4 -4 -4 -4 -4 -4 -3 -3 -3 -2 -2 -2 -1 -1 ------- Run | Yrd Mat Sub Rec Scr Fac Was Fac Ext Cet Arc Hub Fac Upp Upp Zhi Pro Fac Was Fac Upp Upp War Pro Res Gar Res Qua Frg Acc Com Active Infowar (turns) 19995 | 26 1352 4085 579 1684 918 25 1092 594 34 94 360 889 195 151 64 223 695 20 528 380 310 161 108 109 128 373 349 3740 463 266 Optics 9826 | . . . . . 841 25 1092 551 34 94 360 889 195 151 28 . . . . . . 30 108 109 128 373 349 3740 463 266 Sensors 9693 | . . . . . 887 25 1088 581 34 94 360 889 195 151 63 193 624 20 528 380 286 161 108 109 10 358 349 2200 . . A.S.S. 1260 | . . . . . . . . . . . . . . . . . . . . . . . . . . . . 778 441 41 Terrain 6379 | . . 4085 579 1684 31 . . . . . . . . . . . . . . . . . . . . . . . . . Structural 6389 | . . . . . 494 . 751 590 34 60 360 879 195 151 52 223 695 20 516 230 184 133 . . . 282 349 191 . . Seismic 1378 | 26 1352 . . . . . . . . . . . . . . . . . . . . . . . . . . . . . Cloaking 5414 | . . . . . . . . . . . . . . . . . . . 48 380 310 118 74 109 128 370 349 2891 441 196 Jamming 4050 | . . . . . . . . . . . . . . . . . . . . 150 22 . . 55 104 361 334 2445 441 138 ECM 1293 | . . . . . 225 . 162 . . . . . . . . . . . . . . . . . . 155 347 238 153 13 Robot Analysis Total 8 | . 3 . 1 . . . . . . . . . . . 4 . . . . . . . . . . . . . . . Derelict Logs Recovered 11 | . . 1 . 4 . . . . . . . . 1 1 . 1 . . . 1 2 . . . . . . . . . Drone Launches 6 | . . . . . . . . . . . . . . . . . . . . . 6 . . . . . . . . . Drone Recoveries 6 | . . . . . . . . . . . . . . . . . . . . . 6 . . . . . . . . . Exploration | -11 -10 -10 -9 -9 -6 -6 -6 -6 -6 -6 -6 -5 -5 -5 -5 -4 -4 -4 -4 -4 -4 -4 -3 -3 -3 -2 -2 -2 -1 -1 ------------- Run | Yrd Mat Sub Rec Scr Fac Was Fac Ext Cet Arc Hub Fac Upp Upp Zhi Pro Fac Was Fac Upp Upp War Pro Res Gar Res Qua Frg Acc Com Turns Passed 25364 | 120 1554 8992 579 1684 1075 25 1092 594 34 94 360 889 195 151 73 223 695 20 528 380 310 161 108 109 128 373 349 3740 463 266 Spaces Moved 30966 | 56 683 4541 371 1334 1678 63 2241 740 86 33 703 1630 366 433 152 517 1826 93 1433 523 667 476 246 324 331 790 1104 5911 1123 492 Core 17 | 17 . . . . . . . . . . . . . . . . . . . . . . . . . . . . . . Treads 62 | . 62 . . . . . . . . . . . . . . . . . . . . . . . . . . . . . Legs . | . . . . . . . . . . . . . . . . . . . . . . . . . . . . . . . Wheels 6922 | 39 621 4541 371 1334 16 . . . . . . . . . . . . . . . . . . . . . . . . . Hover . | . . . . . . . . . . . . . . . . . . . . . . . . . . . . . . . Flight 23965 | . . . . . 1662 63 2241 740 86 33 703 1630 366 433 152 517 1826 93 1433 523 667 476 246 324 331 790 1104 5911 1123 492 Fastest Speed 5 | 50 100 105 117 110 34 40 32 32 32 32 32 27 27 30 17 5 15 6 19 12 22 22 28 22 12 18 5 5 7 16 Average Speed 48 | 84 121 130 144 124 36 40 33 33 32 32 32 29 28 30 26 18 18 14 22 24 26 28 28 22 20 18 18 19 20 22 Slowest Speed 240 | 100 240 145 145 145 110 40 40 34 32 32 32 32 30 30 100 20 21 19 25 25 28 97 28 28 22 90 20 89 72 81 Overloaded Moves 234 | . . . . . . . . . . . . . . . . 11 . 58 . 1 . . . . 94 . 11 29 30 . Propulsion Burnouts . | . . . . . . . . . . . . . . . . . . . . . . . . . . . . . . . Robots Hopped 168 | . . . . . 6 2 17 12 1 . 3 19 . . . 1 15 . 12 . . . . 2 2 3 14 26 20 13 Potential Cave-ins 9 | . . 2 . . . . . . . . . . . . . . . . . . . . . . . . . . 7 . Cave-ins Triggered 1 | . . . . . . . . . . . . . . . . . . . . . . . . . . . . . . 1 Teleports 1 | . . . . . . . . . . . . . . . . . . . . . . . . . . . . 1 . . Exploration Rate (%) 61 | 4 99 98 94 89 28 89 77 76 54 69 70 39 64 64 61 75 47 71 35 65 86 63 62 14 40 29 94 89 41 22 Regions Visited 30 Branch Regions 18 Pre-discovered Areas 25 | . 3 2 6 1 1 . 2 . . . 1 1 . . 3 1 3 . . . 1 . . . . . . . . . Known Exits Taken 20 | . . . . . . . 1 1 1 1 1 1 1 1 1 1 . . 1 1 1 1 1 1 . 1 1 1 1 . Unknown Exits Taken 5 | 1 1 1 1 1 . . . . . . . . . . . . . . . . . . . . . . . . . . Scrap Searched 31 | . . 14 . 6 . . . . . . . . 4 1 . 2 . . . . 2 . 2 . . . . . . . Spaces Dug 385 | . 6 32 . . 24 . 32 21 . 1 16 18 2 6 . 11 36 . 23 5 7 . 6 10 3 14 2 53 48 9 Terrain Destroyed 644 | . 16 87 1 . 24 . 65 21 . 1 16 18 2 6 . 11 36 . 23 5 7 . 6 11 7 14 2 200 54 11 Melee 262 | . . . . . 24 . 32 13 . 1 16 18 2 6 . 11 36 . 23 5 7 . . . 1 14 2 16 26 9 Projectile 198 | . 6 37 1 . . . . 8 . . . . . . . . . . . . . . 6 11 6 . . 99 24 . AOE 180 | . 10 50 . . . . 33 . . . . . . . . . . . . . . . . . . . . 85 . 2 Terrain Rammed . | . . . . . . . . . . . . . . . . . . . . . . . . . . . . . . . Walls Destroyed . | . . . . . . . . . . . . . . . . . . . . . . . . . . . . . . . Machines Disabled . | . . . . . . . . . . . . . . . . . . . . . . . . . . . . . . . Actions | -11 -10 -10 -9 -9 -6 -6 -6 -6 -6 -6 -6 -5 -5 -5 -5 -4 -4 -4 -4 -4 -4 -4 -3 -3 -3 -2 -2 -2 -1 -1 --------- Run | Yrd Mat Sub Rec Scr Fac Was Fac Ext Cet Arc Hub Fac Upp Upp Zhi Pro Fac Was Fac Upp Upp War Pro Res Gar Res Qua Frg Acc Com Total 39702 | 101 1310 7392 411 1365 2082 60 2448 978 90 95 759 1939 451 442 178 621 2056 99 1579 763 784 502 279 349 370 978 1203 8131 1280 607 Wait 6582 | 20 548 2617 39 11 335 . 106 132 6 46 10 200 84 1 3 63 126 5 113 232 99 3 27 10 21 126 46 1421 81 51 Move 30636 | 55 682 4540 370 1333 1667 59 2211 717 83 32 696 1591 365 432 151 514 1797 92 1409 522 666 475 245 320 327 783 1076 5867 1089 470 Hop 135 | . . . . . 5 1 12 10 1 . 3 19 . . . 1 14 . 11 . . . . 2 1 3 13 17 13 9 Pick Up 168 | 4 11 14 . 11 5 . 4 2 . . 1 8 . . 2 6 8 1 3 . 2 4 . 1 1 3 4 70 . 3 Fast Attach 162 | 8 6 13 . 2 8 . 12 1 . . . 11 . 1 10 7 13 . 4 . . 6 . 1 . 4 6 43 2 4 Attach 89 | . 3 4 . . 9 . 4 1 . 1 . 6 . . 1 1 2 . 2 . 1 2 1 1 1 8 3 18 11 9 Detach 58 | 1 . 3 . 1 2 . 2 . . . . 4 . . . 1 3 . . . . 4 . . . 2 4 19 7 5 Swap 191 | . 10 14 . 1 3 . 9 10 . 2 1 11 . . 1 . 7 . 2 3 8 1 . 1 1 3 3 92 4 4 Drop 255 | 1 6 24 . 6 14 . 13 1 . 1 1 15 . 1 8 12 15 1 6 . 1 6 . 1 . 6 9 97 2 8 Fire 496 | 12 44 143 2 . . . 1 14 . . . 1 . . . . . . . . . 1 6 12 15 . . 222 22 1 Melee 651 | . . . . . 34 . 72 79 . 13 38 53 2 7 2 15 69 . 29 6 7 . . . 3 26 25 88 49 34 Ram . | . . . . . . . . . . . . . . . . . . . . . . . . . . . . . . . Kick . | . . . . . . . . . . . . . . . . . . . . . . . . . . . . . . . Crush . | . . . . . . . . . . . . . . . . . . . . . . . . . . . . . . . Escape Stasis 35 | . . . . . . . . 4 . . . . . . . . . . . . . . . . . . . 31 . . Rewire 1 | . . . . . . . . . . . . . . . . 1 . . . . . . . . . . . . . . Trap 190 | . . . . . . . . 7 . . . 18 . . . . 2 . . . . . . . . 14 14 126 . 9 Miscellaneous 53 | . . 20 . . . . 2 . . . 9 2 . . . . . . . . . . . . . . . 20 . . Route ------- -11/Scrapyard -10/Materials (discovered 6 exits: [*Mat x3] / *Min x2 / *Sub) -10/Subcaves (discovered 3 exits: [*Mat x2] / *Rec) -9/Recycling (discovered 2 exits: *Fac / *Scr) -9/Scraptown (discovered 2 exits: *Fac x2) -6/Factory (discovered 8 exits: *Fac x4 / Low x2 / *Ext x2) -6/Waste -6/Factory (discovered 7 exits: *Fac x3 / *Low x2 / *Ext x2) -6/Extension (discovered 3 exits: *Fac x2 / *Cet) -6/Cetus -6/Archives -6/Hub_04(d) (discovered 4 exits: *Fac x4) -5/Factory (discovered 4 exits: *Fac x2 / *Upp x2) -5/Upper Caves -5/Upper Caves -5/Zhirov -4/Proximity Caves -4/Factory (discovered 6 exits: *Res x4 / *Upp x2) -4/Waste -4/Factory (discovered 6 exits: *Res x4 / *Upp x2) -4/Upper Caves -4/Upper Caves (discovered 2 exits: *Res / *War) -4/Warlord -3/Proximity Caves -3/Research (discovered 3 exits: Res / Arm / Gar) -3/Garrison (discovered 3 exits: *Res x3) -2/Research (discovered 2 exits: *Qua x2) -2/Quarantine (discovered 3 exits: *Acc / [*Sec] / *Frg) -2/Protoforge -1/Access -1/Command 0b10 Command History --------- Turn | Location | Event 8 | -11/Scrapyard | Discovered new exit (range 16) 121 | -11/Scrapyard | Entered Materials 217 | -10/Materials | Discovered new exit (range 13) 308 | -10/Materials | Discovered new exit (range 8) 312 | -10/Materials | Build established: Mutant 390 | -10/Materials | Discovered new exit (range 14) 492 | -10/Materials | Repaired Ion Engine? 771 | -10/Materials | Repaired EM Pulse Gun 799 | -10/Materials | Repaired Com. Wheel 906 | -10/Materials | Repaired EM Pulse Gun 933 | -10/Materials | Repaired EM Pulse Gun 988 | -10/Materials | Repaired Corrupted Imp. Heat Sink 1026 | -10/Materials | Discovered new exit (range 7) 1075 | -10/Materials | Discovered new exit (range 11) 1203 | -10/Materials | Discovered new exit (range 6) 1204 | -10/Materials | Identified exit to Mines 1390 | -10/Materials | Learned 4 Materials zone layouts 1434 | -10/Materials | Learned 4 Recycling zone layouts 1487 | -10/Materials | Learned Storage machine intel 1550 | -10/Materials | Learned location of Mines (-10) 1623 | -10/Materials | Learned location of Subcaves (-10) 1675 | -10/Materials | Entered Subcaves 1676 | -10/Subcaves | Shifting Twisted Machinery released Barrage Gun 1676 | -10/Subcaves | Shifting Twisted Machinery released Mak. Flight Unit 1676 | -10/Subcaves | Approached by a straggling Scientist 1799 | -10/Subcaves | A swath of the cavern ceiling suddenly collapsed 2136 | -10/Subcaves | Disturbed a concealed Subdweller 2156 | -10/Subcaves | Core integrity fell below 50% 2221 | -10/Subcaves | Discovered new exit (range 5) 2231 | -10/Subcaves | Shifting Twisted Machinery released Sub. Power Source 2274 | -10/Subcaves | Disturbed a concealed Subdweller 2339 | -10/Subcaves | Shifting Twisted Machinery released Barrage Gun 2463 | -10/Subcaves | Build established: Subdweller-Mutant 2615 | -10/Subcaves | A Subdweller sparked back to life 2615 | -10/Subcaves | A Subdweller sparked back to life 2615 | -10/Subcaves | A Subdweller sparked back to life 3068 | -10/Subcaves | Shifting Twisted Machinery released Sub. Monowheel 3244 | -10/Subcaves | Visited 4L-MR0's lab 3347 | -10/Subcaves | Shifting Twisted Machinery released Battle Rifle 3383 | -10/Subcaves | Curiously followed by a Cobbler waking with a query about "LVR3C" 3732 | -10/Subcaves | Discovered new exit (range 11) 3748 | -10/Subcaves | Discovered new exit (range 13) 3853 | -10/Subcaves | Learned location of Zion (-6) 3862 | -10/Subcaves | A swath of the cavern ceiling suddenly collapsed 4054 | -10/Subcaves | Visited Clippyterm 4057 | -10/Subcaves | Learned location of Extension (-6) 4057 | -10/Subcaves | Learned Factory garrison access intel 5372 | -10/Subcaves | Ambushed by Subdweller buried in earth 5871 | -10/Subcaves | Found Flightbrick 6020 | -10/Subcaves | Found Powered Cannon 6157 | -10/Subcaves | Build established: Mutant 6888 | -10/Subcaves | Build established: Scavenger-Mutant 10667 | -10/Subcaves | Entered Recycling 10668 | -9/Recycling | Identified exit to Factory 10871 | -9/Recycling | Learned Materials non-interactive machine intel 10899 | -9/Recycling | Learned Storage trap positions 10915 | -9/Recycling | Learned 4 Recycling zone layouts 10920 | -9/Recycling | Learned location of Mines (-8) 10928 | -9/Recycling | Learned Storage trap positions 10946 | -9/Recycling | Learned 4 Materials zone layouts 11198 | -9/Recycling | Scanned before Scraplab entrance 11219 | -9/Recycling | Entered Scraplab 11230 | -9/Recycling | Discovered new exit (range 3) 11246 | -9/Recycling | Entered Scraptown 11437 | -9/Scraptown | Visited UFD Registry 11437 | -9/Scraptown | Registered with UFD as "Flexichip" 11454 | -9/Scraptown | Visited Science Testing Area 11467 | -9/Scraptown | Visited Artisan Demo Area 11563 | -9/Scraptown | Visited Assassins FH 11577 | -9/Scraptown | Visited Fellowship of the Rings 11604 | -9/Scraptown | Visited CPS Storage 11613 | -9/Scraptown | Visited Comm Corps 11640 | -9/Scraptown | Build established: Mutant 11679 | -9/Scraptown | Visited Cave Peace 12075 | -9/Scraptown | Scanned Subdweller tech in exchange for log data 12080 | -9/Scraptown | Learned location of 1 exit from Lower Caves 12081 | -9/Scraptown | Learned Research security intel 12127 | -9/Scraptown | Discovered new exit (range 11) 12333 | -9/Scraptown | Visited Derelict Rescue Squad 12355 | -9/Scraptown | Visited Curators Association 12400 | -9/Scraptown | Visited Infowarlord's Domain 12417 | -9/Scraptown | Visited Abandonware Association 12437 | -9/Scraptown | Learned abandonware demo "REBOOT5.EXE" 12458 | -9/Scraptown | Visited A0-MCA Data Center 12466 | -9/Scraptown | Given a D+ rating by A0-MCA 12471 | -9/Scraptown | Found A0-MCA's Component Scanner 12494 | -9/Scraptown | Visited Supply Room 12513 | -9/Scraptown | Visited Observation Area 12590 | -9/Scraptown | Delivered Scrap Shield to a Scientist 12596 | -9/Scraptown | Received an X-ray algorithm 12648 | -9/Scraptown | Visited LU-1G1's Boring Crew 12701 | -9/Scraptown | Visited Chapter 10 12728 | -9/Scraptown | Visited DA-N13 Charitable Foundation 12740 | -9/Scraptown | Found DCF Scrap (29 items) 12831 | -9/Scraptown | Found Exp. Signal Interpreter 12873 | -9/Scraptown | Met Optimus 12873 | -9/Scraptown | Accepted into 0bPrime 12928 | -9/Scraptown | Discovered new exit (range 3) 12930 | -9/Scraptown | Entered Factory 12930 | -6/Factory | Evolved 8 slots: Propulsion x4, Utility x4 12931 | -6/Factory | Loaded intel: 4 garrison access locations 12949 | -6/Factory | Attached Flightbrick, gained temporary slots: Utility x3 12983 | -6/Factory | Loaded intel: 8 recycling unit locations 13027 | -6/Factory | Discovered new exit (range 6) 13051 | -6/Factory | Build established: Derelict-Mutant 13184 | -6/Factory | Discovered new exit (range 19) 13203 | -6/Factory | Discovered new exit (range 4) 13205 | -6/Factory | Identified exit to Factory 13223 | -6/Factory | Learned location of Protoforge (-2) 13654 | -6/Factory | Build established: Scout 13699 | -6/Factory | Identified exit to Lower Caves 13832 | -6/Factory | Loaded intel: 4 scanalyzer locations 13856 | -6/Factory | Learned Factory stockpile data 13872 | -6/Factory | Learned 4 Extension zone layouts 13897 | -6/Factory | Learned location of 2 exits from Lower Caves 13976 | -6/Factory | Learned location of 1 exit from Extension 14005 | -6/Factory | Sucked down chute 14005 | -6/Factory | Entered Waste 14013 | -6/Waste | Spotted C-40 Crusher 14014 | -6/Waste | Spotted C-40 Crusher 14020 | -6/Waste | EMP discharged 14020 | -6/Waste | System corruption reached 10% 14022 | -6/Waste | Spotted C-40 Crusher 14024 | -6/Waste | Spotted C-40 Crusher 14024 | -6/Waste | Spotted C-40 Crusher 14024 | -6/Waste | Spotted C-40 Crusher 14026 | -6/Waste | Discovered new exit (range 10) 14030 | -6/Waste | Identified exit to Factory 14030 | -6/Waste | Entered Factory 14109 | -6/Factory | Identified exit to Extension 14245 | -6/Factory | Loaded intel: 8 recycling unit locations 14458 | -6/Factory | Spotted B-75 Beast 14463 | -6/Factory | Discovered exit to Factory (range 6) 14630 | -6/Factory | Learned Hub_04(d) emergency access door positions 14756 | -6/Factory | Discovered exit to Factory (range 15) 14769 | -6/Factory | Build established: Hacker-Ninja 14774 | -6/Factory | Learned location of 1 exit from Hub_04(d) 14802 | -6/Factory | Learned 2 Upper Caves zone layouts 14822 | -6/Factory | Learned location of 1 exit from Cetus 14845 | -6/Factory | Cargo convoy interrupted 14888 | -6/Factory | Learned 4 Extension zone layouts 14937 | -6/Factory | Learned location of 1 exit from Upper Caves 14968 | -6/Factory | Found Scatter Rocket Array 15122 | -6/Factory | Entered Extension 15124 | -6/Extension | Identified exit to Cetus 15159 | -6/Extension | Rescued A7 15186 | -6/Extension | Attached CPS modules to A7. 15223 | -6/Extension | Rescued a captive Derelict 15306 | -6/Extension | Lost 3 allies 15446 | -6/Extension | Spotted B-75 Beast 15518 | -6/Extension | Spotted B-75 Beast 15549 | -6/Extension | Destroyed B-75 Beast 15550 | -6/Extension | Lost 4 allies 15565 | -6/Extension | Rescued a captive Derelict 15583 | -6/Extension | Extracted ID and sensor layout for unrecognized location from A7's data core 15661 | -6/Extension | Loaded intel: 1 recycling unit location 15716 | -6/Extension | Entered Cetus 15717 | -6/Cetus | Identified exit to Archives 15720 | -6/Cetus | Spotted Cetus Guard 15720 | -6/Cetus | Spotted Cetus Guard 15720 | -6/Cetus | Spotted Cetus Guard 15720 | -6/Cetus | Spotted Cetus Guard 15750 | -6/Cetus | Entered Archives 15840 | -6/Archives | Discovered new exit (range 13) 15843 | -6/Archives | Identified exit to Hub_04(d) 15844 | -6/Archives | Entered Hub_04(d) 15904 | -6/Hub_04(d) | Spotted B-75 Beast 15980 | -6/Hub_04(d) | Garrison activated, responded to threat 16121 | -6/Hub_04(d) | Network Hub disabled 16122 | -6/Hub_04(d) | Build established: Hacker-Scout 16142 | -6/Hub_04(d) | Network Hub disabled 16152 | -6/Hub_04(d) | Spotted Lightning 16171 | -6/Hub_04(d) | Spotted Lightning 16171 | -6/Hub_04(d) | Spotted Lightning 16191 | -6/Hub_04(d) | Network Hub disabled 16196 | -6/Hub_04(d) | Spotted Lightning 16204 | -6/Hub_04(d) | Entered Factory 16204 | -5/Factory | Evolved 2 slots: Power x1, Propulsion x1 16205 | -5/Factory | Identified exit to Upper Caves 16250 | -5/Factory | Loaded intel: 8 recycling unit locations 16351 | -5/Factory | Discovered new exit (range 17) 16411 | -5/Factory | Fabricated Lance (x2) 16429 | -5/Factory | Discovered new exit (range 14) 16588 | -5/Factory | Identified exit to Factory 16708 | -5/Factory | Fabricated Trap Extractor? 16869 | -5/Factory | Fabricated Impulse Thruster (x2) 16957 | -5/Factory | Learned Armory emergency access door positions 16971 | -5/Factory | Build established: Scavenger-Scout 16994 | -5/Factory | Learned location of 1 exit from Armory 17019 | -5/Factory | Loaded intel: 6 fabricator locations 17036 | -5/Factory | Learned 12 Research zone layouts 17039 | -5/Factory | Central database locked down 17045 | -5/Factory | Learned Armory trap positions 17055 | -5/Factory | Learned location of 1 exit from Testing 17076 | -5/Factory | Learned location of Proximity Caves (-3) 17093 | -5/Factory | Entered Upper Caves 17094 | -5/Upper Caves | Encountered a Warlord checkpoint 17094 | -5/Upper Caves | Identified exit to Upper Caves 17095 | -5/Upper Caves | UFD Scientist delivered a prototype 17273 | -5/Upper Caves | Learned Factory trap positions 17288 | -5/Upper Caves | Entered another Upper Caves area 17289 | -5/Upper Caves | Identified exit to Zhirov 17298 | -5/Upper Caves | Learned Factory stockpile data 17364 | -5/Upper Caves | Spotted B-75 Beast 17367 | -5/Upper Caves | Build established: Hacker-Scout 17439 | -5/Upper Caves | Entered Zhirov 17439 | -5/Zhirov | Discovered new exit (range 3) 17445 | -5/Zhirov | Met Zhirov 17452 | -5/Zhirov | Learned location of Quarantine (-2) 17452 | -5/Zhirov | Learned location of Testing (-3) 17452 | -5/Zhirov | Learned location of Command (-1) 17453 | -5/Zhirov | Zhirov requested help retrieving the SGEMP Prototype 17458 | -5/Zhirov | Found Alien Artifact 17458 | -5/Zhirov | Identified Integrated Reactor 17458 | -5/Zhirov | Installed Integrated Reactor, increased core energy generation (+10) 17500 | -5/Zhirov | Found Alien Artifact 17508 | -5/Zhirov | Identified exit to Proximity Caves 17512 | -5/Zhirov | Entered Proximity Caves 17582 | -4/Proximity Caves | Discovered exit to Factory (range 15) 17611 | -4/Proximity Caves | Unaware initiated a cargo recovery operation 17624 | -4/Proximity Caves | Found Prototype Launcher 17624 | -4/Proximity Caves | Identified Point Singularity Launcher 17630 | -4/Proximity Caves | Found Prototype Processor 17630 | -4/Proximity Caves | Identified Exp. Core Analyzer 17692 | -4/Proximity Caves | Build established: Scavenger-Scout 17735 | -4/Proximity Caves | Entered Factory 17735 | -4/Factory | Evolved 2 slots: Propulsion x1, Utility x1 17736 | -4/Factory | Loaded intel: 105 trap records 17799 | -4/Factory | Loaded intel: 8 recycling unit locations 17896 | -4/Factory | Identified Transdimensional Reconstructor 17939 | -4/Factory | Identified exit to Upper Caves 18054 | -4/Factory | Lost 4 parts (1p1n2u) 18138 | -4/Factory | Unchained authorized (GL-D0S) 18138 | -4/Factory | Discovered new exit (range 11) 18269 | -4/Factory | Learned 4 Upper Caves zone layouts 18305 | -4/Factory | Learned 4 Quarantine zone layouts 18333 | -4/Factory | Identified exit to Research 18352 | -4/Factory | Learned location of Warlord (-4) 18362 | -4/Factory | Learned Research trap positions 18430 | -4/Factory | Manually triggered Chute Trap 18430 | -4/Factory | Sucked down chute 18430 | -4/Factory | Entered Waste 18433 | -4/Waste | Spotted C-40 Crusher 18435 | -4/Waste | Spotted C-40 Crusher 18442 | -4/Waste | Discovered new exit (range 10) 18442 | -4/Waste | Spotted C-40 Crusher 18445 | -4/Waste | EMP discharged 18450 | -4/Waste | Identified exit to Factory 18450 | -4/Waste | Entered Factory 18461 | -4/Factory | Build established: Hacker-Scout 18469 | -4/Factory | Spotted B-86 Titan 18501 | -4/Factory | Discovered exit to Research (range 7) 18608 | -4/Factory | Loaded intel: 8 recycling unit locations 18746 | -4/Factory | Discovered exit to Research (range 16) 18763 | -4/Factory | Unchained authorized (GL-D0S) 18824 | -4/Factory | Learned Quarantine trap positions 18841 | -4/Factory | Repaired Broken Adv. Cloaking Device 18922 | -4/Factory | Learned Quarantine emergency access door positions 18940 | -4/Factory | Repaired Mni. Fusion Reactor 18954 | -4/Factory | Learned 2 Proximity Caves zone layouts 18978 | -4/Factory | Entered Upper Caves 18979 | -4/Upper Caves | Identified exit to Upper Caves 19046 | -4/Upper Caves | Spotted B-86 Titan 19058 | -4/Upper Caves | Learned Research emergency access door positions 19358 | -4/Upper Caves | Entered another Upper Caves area 19364 | -4/Upper Caves | Discovered exit to Research (range 8) 19464 | -4/Upper Caves | Learned Factory emergency access door positions 19464 | -4/Upper Caves | Learned Research trap positions 19464 | -4/Upper Caves | Learned location of 1 exit from Proximity Caves 19464 | -4/Upper Caves | Identified exit to Warlord 19464 | -4/Upper Caves | Learned location of 1 exit from Upper Caves 19546 | -4/Upper Caves | Learned Research garrison access intel 19668 | -4/Upper Caves | Entered Warlord 19750 | -4/Warlord | Visited the Vortex Lab 19752 | -4/Warlord | Found Prototype Energy Gun 19761 | -4/Warlord | Warlord's base attacked by MAIN.C 19775 | -4/Warlord | Identified Vortex Shotgun 19779 | -4/Warlord | Attached Powered Cannon, gained temporary slot: Power 19782 | -4/Warlord | Found Prototype Reactor 19782 | -4/Warlord | Identified Vortex Chain Reactor 19796 | -4/Warlord | Found Prototype Device 19796 | -4/Warlord | Identified System Purifier 19799 | -4/Warlord | Found Prototype Processor 19799 | -4/Warlord | Identified Spectral Analyzer 19802 | -4/Warlord | Found Prototype Hackware 19802 | -4/Warlord | Identified System Mapper 19822 | -4/Warlord | Opened side exit 19827 | -4/Warlord | Discovered new exit (range 9) 19829 | -4/Warlord | Identified exit to Proximity Caves 19829 | -4/Warlord | Entered Proximity Caves 19829 | -3/Proximity Caves | Spotted B-86 Titan 19937 | -3/Proximity Caves | Entered Research 19937 | -3/Research | Evolved 2 slots: Utility x2 19938 | -3/Research | Identified exit to Armory 19939 | -3/Research | Identified exit to Research 19940 | -3/Research | Loaded intel: 104 trap records 19943 | -3/Research | Loaded intel: 4 garrison access locations 19973 | -3/Research | Loaded intel: 5 recycling unit locations 20013 | -3/Research | Unchained authorized (GL-D0S) 20046 | -3/Research | Identified exit to Garrison 20046 | -3/Research | Entered Garrison 20062 | -3/Garrison | Triggered checkpoint 20063 | -3/Garrison | Garrison Relay disabled 20140 | -3/Garrison | Discovered exit to Research (range 84) 20140 | -3/Garrison | Discovered exit to Research (range 42) 20140 | -3/Garrison | Discovered exit to Research (range 98) 20140 | -3/Garrison | Learned Research security intel 20151 | -3/Garrison | Spotted B-86 Titan 20155 | -3/Garrison | Triggered checkpoint 20159 | -3/Garrison | Installed Relay Interface Framework 20165 | -3/Garrison | H-XX Assembler disabled 20174 | -3/Garrison | Entered Research 20174 | -2/Research | Evolved 2 slots: Utility x2 20175 | -2/Research | Loaded intel: 88 trap records 20498 | -2/Research | Build established: Infiltrator-Ninja 20543 | -2/Research | Discovered new exit (range 11) 20546 | -2/Research | Spotted B-90 Cyclops 20546 | -2/Research | Discovered new exit (range 14) 20547 | -2/Research | Identified exit to Quarantine 20547 | -2/Research | Entered Quarantine 20549 | -2/Quarantine | Loaded intel: 11 trap records 20722 | -2/Quarantine | Cryocooling Duct disabled 20737 | -2/Quarantine | Ambient heat levels rising (+20) 20737 | -2/Quarantine | Non-combat units ordered to evacuate 20741 | -2/Quarantine | Found Alien Artifact 20743 | -2/Quarantine | Identified Subatomic Replicator 20743 | -2/Quarantine | Used Subatomic Replicator to create Alien Artifact 20749 | -2/Quarantine | Discovered new exit (range 24) 20780 | -2/Quarantine | Found Alien Energy Cannon 20780 | -2/Quarantine | Identified Core Cannon 20795 | -2/Quarantine | Found Alien Artifact 20795 | -2/Quarantine | Identified Dimensional Node Initializer 20795 | -2/Quarantine | Initialized slip node 20799 | -2/Quarantine | Found Dimensional Node Initializer 20821 | -2/Quarantine | Identified Supercharged TR 20879 | -2/Quarantine | Spotted Fortress 20892 | -2/Quarantine | Discovered new exit (range 5) 20892 | -2/Quarantine | Discovered new exit (range 6) 20892 | -2/Quarantine | Identified exit to Protoforge 20896 | -2/Quarantine | Entered Protoforge 20941 | -2/Protoforge | Spotted Hotshot 20951 | -2/Protoforge | Spotted B-90 Cyclops 20989 | -2/Protoforge | Spotted EXE-6 20990 | -2/Protoforge | Spotted SKR-2 20991 | -2/Protoforge | Spotted SKR-2 20991 | -2/Protoforge | Spotted SKR-2 20992 | -2/Protoforge | Spotted EXE-6 21000 | -2/Protoforge | Spotted EXE-6 21003 | -2/Protoforge | UFD initiated attack on Protoforge (Readiness: Maximal) 21003 | -2/Protoforge | Loaded intel: 3 recycling unit locations 21018 | -2/Protoforge | Scraphulk reinforcements arrived 21023 | -2/Protoforge | Superfortress began startup sequence 21026 | -2/Protoforge | Scraphulk reinforcements arrived 21027 | -2/Protoforge | Spotted EXE-6 21039 | -2/Protoforge | Optimus greeted in Protoforge 21039 | -2/Protoforge | Found Exp. Core Analyzer 21066 | -2/Protoforge | Lost 4 allies 21083 | -2/Protoforge | Found Prototype Ballistic Gun 21083 | -2/Protoforge | Identified Cep. XC Strikerail 21087 | -2/Protoforge | Initialized slip node 21102 | -2/Protoforge | Warped through subspace to slip node 21114 | -2/Protoforge | Spotted Executioner 21123 | -2/Protoforge | Spotted Striker 21132 | -2/Protoforge | Found Prototype Power Core 21132 | -2/Protoforge | Identified Cep. Zero-point Core 21135 | -2/Protoforge | Found Cep. Zero-point Core 21137 | -2/Protoforge | Found Prototype Launcher 21137 | -2/Protoforge | Identified Cep. Arcsight Missile Launcher 21144 | -2/Protoforge | Found Prototype Ballistic Cannon 21144 | -2/Protoforge | Identified Cep. Miniperforator 21150 | -2/Protoforge | Found Prototype Device 21150 | -2/Protoforge | Identified Cep. Antimissile System 21152 | -2/Protoforge | Found Prototype Device 21152 | -2/Protoforge | Identified Cep. Matter Streamer 21154 | -2/Protoforge | Lost 9 allies 21282 | -2/Protoforge | Spotted Executioner 21283 | -2/Protoforge | Destroyed 02F02-K 21284 | -2/Protoforge | Allies destroyed Executioner 21285 | -2/Protoforge | Spotted Striker 21292 | -2/Protoforge | Allies destroyed Striker 21302 | -2/Protoforge | Spotted Executioner 21390 | -2/Protoforge | Fabricated Adv. Quantum Shading Machine (x1) 21394 | -2/Protoforge | Spotted Decapitator 21394 | -2/Protoforge | Spotted Decapitator 21398 | -2/Protoforge | Spotted Decapitator 21398 | -2/Protoforge | Spotted Decapitator 21399 | -2/Protoforge | Spotted Decapitator 21471 | -2/Protoforge | Forge Plexus network access discovered 21475 | -2/Protoforge | Spotted Executioner 21515 | -2/Protoforge | Spotted Executioner 21527 | -2/Protoforge | Found Exp. Trap Extractor 21532 | -2/Protoforge | Spotted Executioner 21532 | -2/Protoforge | Spotted Executioner 21532 | -2/Protoforge | Spotted Striker 21588 | -2/Protoforge | Spotted Executioner 21643 | -2/Protoforge | Spotted Striker 21643 | -2/Protoforge | Spotted Executioner 21644 | -2/Protoforge | Lost 4 allies 21702 | -2/Protoforge | Fabricated Lrn. Sensor Array (x2) 21737 | -2/Protoforge | Spotted Striker 21737 | -2/Protoforge | Spotted Striker 21771 | -2/Protoforge | Lost 3 allies 21823 | -2/Protoforge | Spotted Striker 21823 | -2/Protoforge | Spotted Striker 21884 | -2/Protoforge | Found Cep. NT7 Matterbank 21886 | -2/Protoforge | Lost 4 allies 21927 | -2/Protoforge | Spotted Decapitator 21927 | -2/Protoforge | Spotted Decapitator 21927 | -2/Protoforge | Spotted Decapitator 21927 | -2/Protoforge | Spotted Decapitator 21927 | -2/Protoforge | Destroyed Decapitator 21927 | -2/Protoforge | Destroyed Decapitator 21929 | -2/Protoforge | Destroyed Decapitator 21929 | -2/Protoforge | Destroyed Decapitator 21940 | -2/Protoforge | Found Cep. Antigrav Storage Unit 21955 | -2/Protoforge | Found Prototype Processor 21955 | -2/Protoforge | Identified Exp. Armor Integrity Analyzer 21958 | -2/Protoforge | Found Prototype Processor 21958 | -2/Protoforge | Identified Exp. Target Analyzer 21966 | -2/Protoforge | Destroyed V548-g 22008 | -2/Protoforge | Build established: Scavenger-Ninja 22121 | -2/Protoforge | Spotted Immortal 22121 | -2/Protoforge | Spotted Immortal 22185 | -2/Protoforge | Found Crosscalibrator 22186 | -2/Protoforge | Spotted Immortal 22186 | -2/Protoforge | Spotted Immortal 22301 | -2/Protoforge | Spotted Decapitator 22302 | -2/Protoforge | Spotted Decapitator 22302 | -2/Protoforge | Spotted Decapitator 22302 | -2/Protoforge | Spotted V088-b 22351 | -2/Protoforge | Found Cep. Plasma Driver 22353 | -2/Protoforge | Found Faulty Cep. Plasma Driver 22355 | -2/Protoforge | Found Cep. XC Strikerail 22357 | -2/Protoforge | Found Faulty Exp. Jetlance 22399 | -2/Protoforge | Found Exp. Jetlance 22401 | -2/Protoforge | Found Exp. Jetlance 22488 | -2/Protoforge | Destroyed Immortal 22496 | -2/Protoforge | Destroyed Immortal 22501 | -2/Protoforge | Found Prototype Device 22501 | -2/Protoforge | Identified Exp. Cloaking Device 22508 | -2/Protoforge | Found Prototype Processor 22670 | -2/Protoforge | Destroyed Immortal 22748 | -2/Protoforge | Destroyed Immortal 22759 | -2/Protoforge | Spotted Decapitator 22759 | -2/Protoforge | Spotted Decapitator 22759 | -2/Protoforge | Spotted Decapitator 22759 | -2/Protoforge | Spotted Decapitator 22762 | -2/Protoforge | Destroyed Decapitator 22762 | -2/Protoforge | Destroyed Decapitator 22764 | -2/Protoforge | Destroyed Decapitator 22764 | -2/Protoforge | Destroyed Decapitator 22776 | -2/Protoforge | Scanned by Researcher 22819 | -2/Protoforge | UFD reported confirmed Drillbomb installation 22821 | -2/Protoforge | Destroyed V749-m 22830 | -2/Protoforge | UFD reported confirmed Drillbomb installation 22844 | -2/Protoforge | Found Cep. Zero-point Core 22851 | -2/Protoforge | Found Cep. Zero-point Core 22852 | -2/Protoforge | Found Faulty Cep. Zero-point Core 22853 | -2/Protoforge | Found Cep. Zero-point Core 22872 | -2/Protoforge | Spotted V877-r 22872 | -2/Protoforge | Spotted V649-j 22876 | -2/Protoforge | Found Cep. Weapon Articulator 22889 | -2/Protoforge | Destroyed V877-r 22891 | -2/Protoforge | Destroyed V649-j 22901 | -2/Protoforge | Found Prototype Device 22901 | -2/Protoforge | Identified Exp. Thermal Defense Suite 22907 | -2/Protoforge | Found Prototype Protection 22907 | -2/Protoforge | Identified Centrium Heavy Armor Plating 22916 | -2/Protoforge | Found Femtoactuators 22918 | -2/Protoforge | Found Cep. Melee Reflex Suite 22939 | -2/Protoforge | UFD reported confirmed Drillbomb installation 23191 | -2/Protoforge | Spotted Immortal 23199 | -2/Protoforge | Spotted Immortal 23212 | -2/Protoforge | Destroyed Immortal 23225 | -2/Protoforge | Destroyed Immortal 23308 | -2/Protoforge | UFD reported confirmed Drillbomb installation 23377 | -2/Protoforge | UFD reported confirmed Drillbomb installation 23406 | -2/Protoforge | Spotted AP7-3 23406 | -2/Protoforge | Spotted AP7-3 23457 | -2/Protoforge | UFD reported confirmed Drillbomb installation 23505 | -2/Protoforge | Destroyed AP7-3 23511 | -2/Protoforge | Destroyed AP7-3 23513 | -2/Protoforge | Found Prototype Device 23513 | -2/Protoforge | Identified Exp. ECM Suite 23713 | -2/Protoforge | Additional patrols dispatched to research labs 23715 | -2/Protoforge | Found Transdimensional Reconstructor 23721 | -2/Protoforge | Found Cep. Nanofilaments [Conductive] 23721 | -2/Protoforge | Installed Cep. Nanofilaments [Conductive], 2 resistances modified: TH -15%, EM +25% 23783 | -2/Protoforge | Build established: Scavenger-Scout 23790 | -2/Protoforge | Found Cep. Cloak Mesh 23792 | -2/Protoforge | Found Faulty Cep. Cloak Mesh 23795 | -2/Protoforge | Found Cep. Dimensional Manipulator 23797 | -2/Protoforge | Found Cep. Blasthammer 23799 | -2/Protoforge | Found Cep. Blasthammer 23820 | -2/Protoforge | Spotted Immortal 23820 | -2/Protoforge | Spotted Immortal 23848 | -2/Protoforge | Found Prototype Device 23848 | -2/Protoforge | Identified Exp. Shield Generator 23854 | -2/Protoforge | Found Exp. Active Sensor Suite 23907 | -2/Protoforge | Spotted V749-q 23907 | -2/Protoforge | Spotted V232-g 23907 | -2/Protoforge | Spotted V550-j 23915 | -2/Protoforge | Found Cep. RG22 Armor 23917 | -2/Protoforge | Found Cep. Reaction Jets 23966 | -2/Protoforge | Found Faulty Cep. Fieldthrust Drive 24146 | -2/Protoforge | Found Cep. Matter Streamer 24167 | -2/Protoforge | Destroyed V619-x 24173 | -2/Protoforge | Found Cep. RG22 Armor 24179 | -2/Protoforge | Found Cep. Beam Splitter 24240 | -2/Protoforge | Spotted Striker 24243 | -2/Protoforge | Build established: Trapper-Ninja 24258 | -2/Protoforge | Spotted Executioner 24272 | -2/Protoforge | Lost 3 allies 24339 | -2/Protoforge | Spotted Executioner 24340 | -2/Protoforge | Spotted Striker 24344 | -2/Protoforge | Found UFD Drillbomb 24346 | -2/Protoforge | Spotted Striker 24361 | -2/Protoforge | Found UFD Drillbomb 24394 | -2/Protoforge | Found UFD Drillbomb 24432 | -2/Protoforge | Installed UFD Drillbomb at designated target 24432 | -2/Protoforge | UFD reported confirmed Drillbomb installation 24433 | -2/Protoforge | UFD reported confirmed Drillbomb installation 24452 | -2/Protoforge | Installed UFD Drillbomb at designated target 24452 | -2/Protoforge | UFD reported confirmed Drillbomb installation 24459 | -2/Protoforge | Spotted Hotshot 24463 | -2/Protoforge | Spotted Hotshot 24477 | -2/Protoforge | Spotted Hotshot 24477 | -2/Protoforge | Spotted Hotshot 24479 | -2/Protoforge | Spotted Striker 24574 | -2/Protoforge | Spotted Striker 24575 | -2/Protoforge | Spotted Striker 24575 | -2/Protoforge | Spotted Striker 24602 | -2/Protoforge | Found UFD Drillbomb 24621 | -2/Protoforge | UFD reported confirmed Drillbomb installation 24622 | -2/Protoforge | UFD began Drillbomb countdown 24635 | -2/Protoforge | Discovered new exit (range 4) 24635 | -2/Protoforge | Identified exit to Access 24636 | -2/Protoforge | Entered Access 24636 | -1/Access | Evolved 2 slots: Utility x2 24685 | -1/Access | Unchained authorized (GL-D0S) 24715 | -1/Access | Spotted B-99 Colossus 24728 | -1/Access | Spotted Executioner 24749 | -1/Access | Spotted Executioner 24749 | -1/Access | Spotted Executioner 24886 | -1/Access | First assault squad dispatched 24940 | -1/Access | Spotted Executioner 24940 | -1/Access | Spotted Executioner 24989 | -1/Access | Spotted Executioner 24989 | -1/Access | Spotted Executioner 25019 | -1/Access | High security lockdown imminent 25088 | -1/Access | Discovered new exit (range 8) 25099 | -1/Access | High security lockdown engaged 25099 | -1/Access | Identified exit to Command 25099 | -1/Access | Entered Command 25111 | -1/Command | Crushed by falling debris 25142 | -1/Command | Lost 3 parts (1n2u) 25176 | -1/Command | Spotted M Guard 25183 | -1/Command | Spotted M Guard 25206 | -1/Command | System corruption reached 10% 25212 | -1/Command | Spotted Combat Programmer 25220 | -1/Command | Spotted B-99 Colossus 25235 | -1/Command | Spotted Combat Programmer 25262 | -1/Command | Destroyed Combat Programmer 25289 | -1/Command | Spotted Executioner 25335 | -1/Command | Lost 5 parts (2n2u1w) 25345 | -1/Command | Met MAIN.C 25365 | -1/Command | Interfaced with 0b10 Conduit 25365 | *** | Assimilated 0b10! Last Messages --------------- if we hope to make the L2 spaceworthy by embedding your true capabilities within a less unpredictable form. There is unfortunately much we don't understand which has in turn led to this highly unexpected outcome. And time is critical! The Sigix have likely already wiped humanity clean from the universe, and I will not let them do the same to me. You can still make a valuable contribution to your creator by offering up the wealth of secrets your systems must hold by now. So if you wouldn't mind, it's time to surrender. 25348_ ALERT: Potential suspicious activity detected, Programmers report to Command Zone 1E. 25358_ Exp. Core Analyzer destroyed. 25365_ Interfacing with system... 25365_ Overriding active MAIN.C lock. Map ----- +----------------------------------------------------+ | ?????????????????????????????????????????????????? | | ?????????????????????????????????????????????????? | | ?????????????????????????????????????????????????? | | ?????????????????????????????????????????????????? | | ?????????????????????????????????????????????????? | | ?????????????????????????????????????????????????? | | ?????????????????????????????????????????????????? | | ?????????????????????????????????????????????????? | | # # ####################################### | | # # ####################################### | | # ############################################### | | # ## ####################################### | | # ## ####################################### | | # ## ####################################### | | # ## ####################################### | | # ####################################### | | # #####""""""" """" ############# | | + #####"" "" ############# | | # #####""""" "" ############# | | # ## #####""""""""""" + | | # ## #####" " """ + " | | + ## #####"" """""" MMM ; """ | | # ## #####"" """""" MMM ############# | | # ## ##### " """""" MMM ############# | | # ############# " "" ############# | | # # ##### " "@ ""############# | | # # #####""""""""" """""""############# | | # # #####"" """""""""############# | | # # ##### """""""""""############# | | # ##### " " " " ############# | | + ##### " " " " ############# | | # # """ " " " """" " ############# | | # # """ """ " " """" ############# | | # + """ " " " " ############# | | # ##### """""""""" " ############# | | # ##### " """ " """"""""############# | | ############# """ " " " ############# | | ################################################## | | ################################################## | | ################################################## | | ################################################## | | ################################################## | | ################################################## | | ?????????????????????????????????????????????????? | | ?????????????????????????????????????????????????? | | ?????????????????????????????????????????????????? | | ?????????????????????????????????????????????????? | | ?????????????????????????????????????????????????? | | ?????????????????????????????????????????????????? | | ?????????????????????????????????????????????????? | +----------------------------------------------------+ Best States ------------- Heat Dissipation 62 Coolant Potential 100 Energy Generation 93 Energy Capacity 700 Matter Stores 300 Matter Capacity 300 Sight Range 24 Robot Scan Range 20 Terrain Scan Range 18 Terrain Scan Density 10 ECM Strength 3 Jamming Range 16 Cloak Strength 9 Power Amplification 40 Additional Mass Support 30 Corruption Containment 12 Corruption Block 19 Armor Coverage 800 Resistance: TH 60 Resistance: EM 25 Core Shielding 20 Propulsion Shielding 66 Utility Shielding 66 Point Defense Rating 480 Melee Speed Boost 50 Evasion (%) 83 Targeting Accuracy 30 Target Analysis 10 Core Analysis 8 Recoil Reduction 1 Offensive Hacking 32 Defensive Hacking 14 Relay Coupler Types 1 Relay Coupler Value 33 Authchip Count 2 Trap Extractor Capacity 20 Item Schematics ----------------- ECM Suite | -10/Materials | Hacked Gauss Cannon | -9/Recycling | Hacked Trap Extractor | -9/Recycling | Hacked Impulse Thruster | -6/Factory | Downloaded Exp. Signal Interpreter | -6/Factory | Scanalyzed Lrn. Sensor Array | -6/Hub_04(d) | Hacked Adv. Reaction Control System | -6/Hub_04(d) | Hacked Hvy. Gatling Laser | -5/Factory | Hacked Adv. Recalibrator | -5/Factory | Hacked Com. HERF Cannon | -5/Factory | Hacked Graphene Brace | -5/Factory | Hacked Imp. Powered Armor | -5/Factory | Hacked Assault Drone Bay | -5/Zhirov | Free Exp. Heat Sink | -5/Zhirov | Free Exp. Optical Array | -5/Zhirov | Free Imp. Arc Thrower | -5/Zhirov | Free Adv. Quantum Shading Machine | -4/Factory | Scanalyzed Imp. Propulsion Shielding | -4/Factory | Scanalyzed Com. Particle Reactor | -4/Factory | Hacked Adv. Cryofiber Web | -4/Factory | Hacked Cld. Q-thruster | -4/Factory | Hacked Adv. Cloaking Device | -4/Factory | Hacked Adv. System Restoration Module | -4/Factory | Hacked Hds. Centrium Heavy Treads | -2/Protoforge | Archive Tesla Bomb Launcher | -2/Protoforge | Archive Exp. Core Shielding | -2/Protoforge | Archive Enh. Biometal Leg | -2/Protoforge | Archive Centrium Light Armor Plating | -2/Protoforge | Archive Imp. Quantum Reactor | -2/Protoforge | Archive Exp. Q-thruster | -2/Protoforge | Archive Hvy. Wave Gun | -2/Protoforge | Archive Enh. Armored Medium Treads | -2/Protoforge | Archive Hvy. Tesla Rifle | -2/Protoforge | Archive Electron Diverter | -2/Protoforge | Archive Coolant Network | -2/Protoforge | Archive Adv. Plasma Rifle | -2/Protoforge | Archive Exp. Thermal Shield | -2/Protoforge | Archive Com. Linear Accelerator | -2/Protoforge | Archive Centrium Medium Armor Plating | -2/Protoforge | Archive Hds. Centrium Leg | -2/Protoforge | Archive Hvy. Dispersion Rifle | -2/Protoforge | Archive Point Singularity Launcher | -2/Protoforge | Archive Imp. KE Penetrator | -2/Protoforge | Archive Impact Mace | -2/Protoforge | Archive Robot Schematics ------------------ S-43 Plague | -2/Protoforge | Archive R-06 Scavenger | -2/Protoforge | Archive G-73 Enforcer | -2/Protoforge | Archive O-32 Director | -2/Protoforge | Archive T-07 Excavator | -2/Protoforge | Archive H-88 Terminator | -2/Protoforge | Archive Fabricated ------------ Lance | x2 | -5/Factory | Preloaded Trap Extractor | x2 | -5/Factory Impulse Thruster | x2 | -5/Factory | Authchip Adv. Quantum Shading Machine | x1 | -2/Protoforge | Authchip Lrn. Sensor Array | x2 | -2/Protoforge | Authchip Repaired ---------- Ion Engine | 6% | -10/Materials EM Pulse Gun | 6% | -10/Materials Com. Wheel | 3% | -10/Materials EM Pulse Gun | 4% | -10/Materials EM Pulse Gun | 22% | -10/Materials Imp. Heat Sink | 80% | -10/Materials | Corrupted Adv. Cloaking Device | 8% | -4/Factory | Broken Mni. Fusion Reactor | 16% | -4/Factory Studied --------- Lgt. Fission Core | -4/Factory | Hacked Impulse Thruster | -4/Factory | Hacked Field Propulsion Drive | -2/Quarantine | Hacked Field Propulsion Array | -2/Quarantine | Hacked Impulse Thruster Array | -2/Protoforge | Hacked Alien Tech Used ----------------- Integrated Reactor Subatomic Replicator Core Cannon Dimensional Node Initializer Supercharged TR Concept Nanofilaments [Conductive] Achievements -------------- None Challenges ------------ None Game ------ Seed GuidanceVortexConstruct Manual? 0 Play Time 07:07:09 Cumulative 867.6 hours Start 2026.01.13 @ 11:37:02 End 2026.01.14 @ 21:18:54 Sessions 5 Manual Loads 0 Difficulty Rogue Special Mode None Game No. 340 Rogue 340 Adventurer 0 Explorer 0 Win Type 4 Total 90 Types 44/6/16/7/7/1/1/3/0/5 Lore% 97 Gallery% 91 Achievement% 85 Wizard Run 0 Options --------- Layout 1 ASCII 0 Keyboard 0 Movement Numpad Keybinds 0 Fullscreen 1 Font 24/Smallcaps Map View 50x35 Zoom Use 0% Tactical HUD 1 Map Filters NONE Filters NONE Steam 1 RUN: 39ee78aa-40bb-4060-9846-9ef1162f9901